 Dungeon Crawl Stone Soup version 0.30-a0-4-ga7cffc901d (webtiles) character file.

Game seed: 18400011042642541901

13034776 quixfox the Demonspawn of Death (level 27, 296/296 HPs)
             Began as a Demonspawn Conjurer on Aug 18, 2022.
             Was the Champion of Vehumet.
             Escaped with the Orb
             ... and 15 runes on Aug 21, 2022!
             The game lasted 15:29:43 (123888 turns).

quixfox the Demonspawn of Death (DsCj)            Turns: 123888, Time: 15:29:43

Health: 296/296    AC: 16    Str:  8    XL:     27
Magic:  48/48      EV: 26    Int: 31    God:    Vehumet [******]
Gold:   17016      SH: 39    Dex: 21    Spells: 3/79 levels left

rFire   + + .      SeeInvis +    a - +3 Elemental Staff {rElec rF++ rC++ AC+5}
rCold   + + .      Faith    .    L - +18 shield of the Gong {rElec rN+ Will+ EV-5}
rNeg    + + +      Spirit   +    U - +2 robe {Archmagi}
rPois   +          Reflect  .    f - +3 crown of Dyrovepreva {rElec Int+2 SInv}
rElec   +          Harm     .    c - +2 cloak {Will+}
rCorr   .          Rampage  .    (gloves unavailable)
Will    +++++      Archmagi +    (no boots)
Stlth   ++........               R - amulet "Perir" {RegenMP Dex+3}
HPRegen 0.59/turn                P - ring of Hesmuaw {Wiz +Blink rElec rPois rN+}
MPRegen 1.02/turn                I - ring "Sivaor" {rPois rN+ Will+ Stlth+}

@: studying 2 skills, repel missiles
A: claws 3, repulsion field 3, powered by pain 3, robust 3, magic shield, magic
regeneration, magic link, large bone plates 1, camouflage 1, agile 1,
deterioration 1, low MP 1, poison resistance, wild magic 1
0: Orb of Zot
}: 15/15 runes: decaying, slimy, silver, golden, iron, obsidian, icy, bone,
abyssal, demonic, glowing, magical, fiery, dark, gossamer
a: Renounce Religion, Evoke Blink


You escaped.
You worshipped Vehumet.
Vehumet was exalted by your worship.
You visited 18 branches of the dungeon, and saw 88 of its levels.
You visited Pandemonium 1 time, and saw 12 of its levels.
You visited the Abyss 3 times.
You completed 1 ziggurat, and saw 27 of its levels.
You also visited: Trove, Sewer and Gauntlet.

You collected 22868 gold pieces.
You spent 5852 gold pieces at shops.

Inventory:

Hand Weapons
 a - the +3 Elemental Staff (weapon) {rElec rF++ rC++ AC+5}
   (You found it on level 21 of a ziggurat)

   If the wielder is skilled in Evocations, they can discharge powerful blasts
   of elemental energy when striking with it.
   It enhances your fire, ice, earth and air magic.
   AC:        It affects your AC (+5).
   rF:        It greatly protects you from fire.
   rC:        It greatly protects you from cold.
   rElec:     It insulates you from electricity.
 b - the +4 staff of Dispater
   (You took it off Dispater on level 7 of the Iron City of Dis)

   It can be evoked to hurl damnation at the cost of health and magic, with
   strength depending on Evocations skill.
Missiles
 Y - 24 silver javelins
Armour
 c - a +2 cloak of willpower (worn)
 f - the +3 crown of Dyrovepreva (worn) {rElec Int+2 SInv}
   (You found it on level 4 of the Spider Nest)

   Int:       It affects your intelligence (+2).
   rElec:     It insulates you from electricity.
   SInv:      It lets you see invisible.
 o - the +0 pair of boots "Utuaxuh" {rF++ Str-2 Int+2}
   (You found it on level 1 of the Depths)

   Str:       It affects your strength (-2).
   Int:       It affects your intelligence (+2).
   rF:        It greatly protects you from fire.
 y - a +2 buckler of reflection
 L - the +18 shield of the Gong (worn) {rElec rN+ Will+ EV-5}
   (You found it on level 17 of a ziggurat)

   It is deafeningly noisy when blocking attacks.
   EV:        It affects your evasion (-5).
   rElec:     It insulates you from electricity.
   rN:        It protects you from negative energy.
   Will:      It increases your willpower.
 U - a +2 robe of the Archmagi (worn)
Jewellery
 d - the ring "Ovatecwi" {Str+6 Int+3}
   (You found it in a treasure trove)

   [ring of strength]

   Str:       It affects your strength (+6).
   Int:       It affects your intelligence (+3).
 m - the ring "Riyschoecw" {Ice rElec rN+ Stlth+}
   (You found it in a treasure trove)

   [ring of ice]

   It enhances your ice magic.
   rF:        It makes you vulnerable to fire.
   rC:        It protects you from cold.
   rElec:     It insulates you from electricity.
   rN:        It protects you from negative energy.
   Stlth:     It makes you more stealthy.
 q - the ring "Athryiw" {rN+ MP+9 Int-2 Dex+3}
   (You found it on level 2 of the Dungeon)

   [ring of positive energy]

   Int:       It affects your intelligence (-2).
   Dex:       It affects your dexterity (+3).
   rN:        It protects you from negative energy.
   MP:        It affects your magic capacity (+9).
 B - the amulet "Loisch" {Acrobat rElec rF++ rC+++ Int+3}
   (You found it in a treasure trove)

   [amulet of the acrobat]

   It increases your evasion while moving and waiting.
   Int:       It affects your intelligence (+3).
   rF:        It greatly protects you from fire.
   rC:        It renders you almost immune to cold.
   rElec:     It insulates you from electricity.
 I - the ring "Sivaor" (right claw) {rPois rN+ Will+ Stlth+}
   (You found it on level 21 of a ziggurat)

   [ring of poison resistance]

   rPois:     It protects you from poison.
   rN:        It protects you from negative energy.
   Will:      It increases your willpower.
   Stlth:     It makes you more stealthy.
 O - the ring of Untruth {Int+7 Dex+6 SInv Stlth+}
   (You found it in a treasure trove)

   [ring of dexterity]

   Int:       It affects your intelligence (+7).
   Dex:       It affects your dexterity (+6).
   SInv:      It lets you see invisible.
   Stlth:     It makes you more stealthy.
 P - the ring of Hesmuaw (left claw) {Wiz +Blink rElec rPois rN+}
   (You found it in a treasure trove)

   [ring of wizardry]

   It improves your spell success rate.
   rElec:     It insulates you from electricity.
   rPois:     It protects you from poison.
   rN:        It protects you from negative energy.
   +Blink:    It lets you blink.
 R - the amulet "Perir" (around neck) {RegenMP Dex+3}
   (You found it on level 21 of a ziggurat)

   [amulet of magic regeneration]

   It increases your rate of magic regeneration.
   Dex:       It affects your dexterity (+3).
 W - the amulet "Cusur" {Acrobat Fly Int+8}
   (You found it in a Gauntlet)

   [amulet of the acrobat]

   It increases your evasion while moving and waiting.
   Int:       It affects your intelligence (+8).
   Fly:       It grants you flight.
 X - the ring "Iroofoff" {rCorr MP+9 SInv}
   (You took it off an efreet in Pandemonium)

   [ring of magical power]

   MP:        It affects your magic capacity (+9).
   SInv:      It lets you see invisible.
   rCorr:     It protects you from acid and corrosion.
Wands
 h - a wand of flame (86)
 C - a wand of digging (27)
 J - a wand of mindburst (45)
 K - a wand of iceblast (57)
 S - a wand of quicksilver (84)
 V - a wand of charming (3)
Scrolls
 i - 4 scrolls of magic mapping
 j - 5 scrolls of summoning
 k - 11 scrolls of enchant armour
 u - 2 scrolls of blinking
 v - 23 scrolls of immolation
 A - 3 scrolls of amnesia
 D - 51 scrolls of teleportation
 F - 15 scrolls of fear
 G - 25 scrolls of butterflies
 H - 16 scrolls of silence
 Q - 11 scrolls of poison
Potions
 e - 12 potions of ambrosia
 g - 6 potions of cancellation
 l - 17 potions of flight
 n - 26 potions of curing
 p - 12 potions of brilliance
 r - 14 potions of haste
 t - 24 potions of mutation
 w - 4 potions of invisibility
 x - 11 potions of magic
 z - 23 potions of might
 E - 9 potions of berserk rage
 M - 22 potions of heal wounds
 N - 5 potions of lignification
 T - 4 potions of resistance
Miscellaneous
 s - 2 +1 figurines of a ziggurat


   Skills:
 + Level 21.3 Fighting
 - Level 12.0 Staves
 + Level 14.1 Throwing
 - Level 8.0 Armour
 + Level 20.1 Dodging
 - Level 1.7 Stealth
 + Level 20.4 Shields
 - Level 3.0 Unarmed Combat
 + Level 26.8 Spellcasting
 O Level 27 Conjurations
 O Level 27 Necromancy
 + Level 25.0 Fire Magic
 + Level 22.4 Ice Magic
 - Level 4.0 Air Magic
 + Level 26.6 Earth Magic
 + Level 20.0 Evocations


You had 3 spell levels left.
You knew the following spells:

 Your Spells              Type           Power      Damage    Failure   Level
a - Magic Dart            Conj           100%       1d8       1%          1
b - Iron Shot             Conj/Erth      92%        9d17      1%          6
c - Iskenderun's Mystic   Conj/Tloc      100%       2d19      1%          4
d - Fireball              Conj/Fire      92%        3d34      1%          5
e - Freezing Cloud        Conj/Ice/Air   96%        6-21      1%          5
f - Borgnjor's Vile Clut  Necr/Erth      92%        N/A       1%          5
g - Polar Vortex          Ice            88%        N/A       1%          9
h - Lee's Rapid Deconstr  Erth           92%        3d42*     1%          5
i - Fire Storm            Conj/Fire      92%        8d23      1%          9
j - Shatter               Erth           92%        3d66*     1%          9
k - Passwall              Tmut/Erth      100%       N/A       1%          2
l - Death's Door          Necr           79%        N/A       1%          9
m - Swiftness             Air            100%       N/A       1%          3
n - Blink                 Tloc           100%       N/A       1%          2
o - Sublimation of Blood  Necr           100%       N/A       1%          2

Your spell library contained the following spells:

 Spells                   Type           Power      Damage    Failure   Level
 Apportation              Tloc           100%       N/A       1%          1
 Beastly Appendage        Tmut           100%       N/A       1%          1
 Foxfire                  Conj/Fire      100%       2x1d9     1%          1
 Freeze                   Ice            100%       1d11      1%          1
 Necrotise                Necr           100%       1d9       1%          1
 Shock                    Conj/Air       100%       1d9       1%          1
 Slow                     Hex            100%       N/A       1%          1
 Sting                    Tmut/Pois      100%       1d8       1%          1
 Call Imp                 Summ           69%        N/A       1%          2
 Ensorcelled Hibernation  Hex/Ice        100%       N/A       1%          2
 Poisonous Vapours        Pois/Air       100%       N/A       1%          2
 Scorch                   Fire           100%       2d10      1%          2
 Searing Ray              Conj           100%       2d8       1%          2
 Static Discharge         Conj/Air       100%       3-16/arc  1%          2
 Wereblood                Tmut           69%        N/A       1%          2
 Call Canine Familiar     Summ           69%        N/A       1%          3
 Confusing Touch          Hex            69%        N/A       1%          3
 Conjure Flame            Conj/Fire      100%       6-21      1%          3
 Dazzling Flash           Conj/Hex       100%       N/A       1%          3
 Frozen Ramparts          Ice            100%       1d16      1%          3
 Gell's Gravitas          Tloc           69%        N/A       1%          3
 Ignite Poison            Fire/Tmut/Pois 100%       N/A       1%          3
 Inner Flame              Hex/Fire       100%       N/A       1%          3
 Lesser Beckoning         Tloc           69%        N/A       1%          3
 Mephitic Cloud           Conj/Pois/Air  100%       N/A       1%          3
 Ozocubu's Armour         Ice            100%       N/A       1%          3
 Portal Projectile        Hex/Tloc       100%       N/A       1%          3
 Spider Form              Tmut/Pois      69%        N/A       1%          3
 Stone Arrow              Conj/Erth      100%       3d13      1%          3
 Summon Guardian Golem    Hex/Summ       69%        N/A       1%          3
 Teleport Other           Tloc           69%        N/A       1%          3
 Tukima's Dance           Hex            69%        N/A       1%          3
 Vampiric Draining        Necr           100%       2d13      1%          3
 Airstrike                Air            57%        2d(9-25)  1%          4
 Anguish                  Hex/Necr       63%        N/A       1%          4
 Animate Armour           Summ/Erth      100%       N/A       1%          4
 Corpse Rot               Necr/Pois/Air  100%       N/A       1%          4
 Dispel Undead            Necr           100%       3d31      1%          4
 Flame Wave               Conj/Fire      100%       2d21      1%          4
 Fulminant Prism          Conj/Hex       63%        3d27      1%          4
 Hailstorm                Conj/Ice       100%       3d20      1%          4
 Ice Form                 Ice/Tmut       100%       N/A       1%          4
 Leda's Liquefaction      Hex/Erth       76%        N/A       1%          4
 Olgreb's Toxic Radiance  Pois           69%        N/A       1%          4
 Petrify                  Tmut/Erth      100%       N/A       1%          4
 Sticky Flame             Conj/Fire      100%       2d11      1%          4
 Summon Ice Beast         Ice/Summ       100%       N/A       1%          4
 Agony                    Necr           100%       N/A       1%          5
 Irradiate                Conj/Tmut      63%        3d32      1%          5
 Iskenderun's Battlesphe  Conj           100%       2d15      1%          5
 Lightning Bolt           Conj/Air       79%        1d105     1%          5
 Metabolic Englaciation   Hex/Ice        72%        N/A       1%          5
 Conjure Ball Lightning   Conj/Air       79%        3x3d30    1%          6
 Death Channel            Necr           79%        N/A       1%          6
 Simulacrum               Ice/Necr       90%        N/A       1%          6
 Starburst                Conj/Fire      92%        6d23      1%          6
 Statue Form              Tmut/Erth      100%       N/A       1%          6
 Orb of Destruction       Conj           79%        9d18      1%          7
 Ozocubu's Refrigeration  Ice            88%        4d27      1%          7
 Spellforged Servitor     Conj/Summ      63%        N/A       1%          7
 Borgnjor's Revivificati  Necr           79%        N/A       1%          8
 Ignition                 Fire           91%        3d23      1%          8
 Lehudib's Crystal Spear  Conj/Erth      92%        10d20     1%          8
 Summon Lightning Spire   Summ/Air       100%       N/A       2%          4
 Yara's Violent Unravell  Hex/Tmut       34%        3d14      3%          5
 Cause Fear               Hex            34%        N/A       4%          4
 Passage of Golubria      Tloc           69%        N/A       4%          4
 Silence                  Hex/Air        51%        N/A       6%          5
 Alistair's Intoxication  Tmut/Pois      46%        N/A       12%         5
 Blade Hands              Tmut           34%        N/A       12%         5
 Manifold Assault         Tloc           69%        N/A       12%         5
 Summon Forest            Summ/Tloc      34%        N/A       12%         5
 Summon Mana Viper        Hex/Summ       69%        N/A       12%         5
 Necromutation            Tmut/Necr      63%        N/A       12%         8
 Eringya's Noxious Bog    Tmut/Pois      34%        N/A       16%         6
 Dispersal                Tloc           34%        N/A       50%         6
 Summon Cactus Giant      Summ           34%        N/A       50%         6
 Maxwell's Capacitive Co  Air            57%        ∞         67%         8
 Storm Form               Tmut/Air       51%        N/A       77%         7
 Dragon Form              Tmut           34%        N/A       95%         7
 Enfeeble                 Hex            34%        N/A       95%         7
 Malign Gateway           Summ/Tloc      34%        N/A       95%         7
 Monstrous Menagerie      Summ           34%        N/A       95%         7
 Summon Hydra             Summ           34%        N/A       95%         7
 Discord                  Hex            34%        N/A       100%        8
 Disjunction              Tloc           34%        N/A       100%        8


Dungeon Overview and Level Annotations

Branches:
Dungeon (15/15)            Temple (1/1) D:7            Lair (5/5) D:8
  Swamp (4/4) Lair:2       Spider (4/4) Lair:3        Slime (5/5) Lair:4
    Orc (2/2) D:9             Elf (3/3) Orc:2        Vaults (5/5) D:13
  Crypt (3/3) Vaults:2       Tomb (3/3) Crypt:3      Depths (4/4) D:15
   Hell (visited)             Dis (7/7) Hell            Geh (7/7) Hell
    Coc (7/7) Hell            Tar (7/7) Hell            Zot (5/5) Depths:4
  Sewer (visited)         Gauntlet (visited)

Altars:
Ashenzari
Cheibriados
Dithmenos
Fedhas
Gozag
Hepliaklqana
Kikubaaqudgha
Makhleb
Nemelex Xobeh
Okawaru
Qazlal
Ru
Sif Muna
Trog
Uskayaw
Vehumet
Wu Jian
Xom
Yredelemnul
Jiyva
Lugonu

Shops:
D:6 ?   D:10 [   D:14 *   Orc:2 ![[(   Elf:1 (   Elf:2 ?   Depths:3 [
Depths:4 :==

Portals:
Hell: Depths:1 Depths:2 Depths:3 Depths:4
Abyss: Lair:5
Pandemonium: Depths:2 Depths:3

Annotations:
D:8 1 runed translucent door, Bediveer's ghost, novice TrCK
Spider:2 1 runed translucent door, Newt's ghost, adept KoAM
Zot:2 2 transporters, Vuynal's ghost, legendary GrHu


Innate Abilities, Weirdness & Mutations

You have claws for hands.
You are surrounded by a strong repulsion field. (EV +4, RMsl)
You are powered by pain.
You are extremely robust. (+30% HP)
When hurt, damage is shared between your health and your magic reserves.
You regenerate magic rapidly.
When low on magic, you restore magic in place of health.
You are partially covered in large bone plates. (SH +4)
Your skin changes colour to match your surroundings (Stealth+).
You are agile. (Dex +4, Str/Int -1)
Your body sometimes deteriorates upon taking damage.
Your magical capacity is low. (-10% MP)
Your system is resistant to poisons. (rPois)
Your spells are a little harder to cast, but a little more powerful.


Message History

You climb upwards.
There is a stone staircase leading down, spattered with blood here.
There is a stone staircase leading up here.
You climb upwards.
There is a stone staircase leading down here.
There is an open door here.
There is an open door here.
A hellephant comes into view.
Aiming: Iron Shot (safe; 1% risk of failure)
Press: ? - help, Q - select action, (/) - cycle Shift-Dir - straight line, f - hellephant
Aim: a hellephant (85% to hit)
You feel a strong surge of power!
The iron shot hits the hellephant!!!
The hellephant is moderately wounded.
Aiming: Iron Shot (safe; 1% risk of failure)
Press: ? - help, Q - select action, (/) - cycle Shift-Dir - straight line, f/p - hellephant
Aim: a hellephant (moderately wounded, 85% to hit)
You feel a strong surge of power!
The iron shot hits the hellephant!!!
The hellephant is severely wounded.
Aiming: Iron Shot (safe; 1% risk of failure)
Press: ? - help, Q - select action, (/) - cycle Shift-Dir - straight line, f/p - hellephant
Aim: a hellephant (severely wounded, 85% to hit)
You feel a strong surge of power!
The iron shot hits the hellephant!!!!
You kill the hellephant!
Vehumet accepts your kill.
You feel your power returning.
(D) Dungeon (T) Temple (L) Lair (S) Swamp (N) Spider Nest (M) Slime Pits (O) Orcish Mines (E) Elven Halls (V) Vaults (C) Crypt (W) Tomb (U) Depths (H) Hell (I) Dis (G) Gehenna (X) Cocytus (Y) Tartarus (Z) Zot
Where to? (Enter - D:1 @ (x,y), ? - help)
There is an open door here.
Magic restored.
There is a stone staircase leading up here.
You climb upwards.
There is a stone staircase leading down here.
A cacodemon and a sixfirhy come into view.
The cacodemon moves out of view.
There is a staircase leading out of the dungeon here.
You have escaped!

#.........................#
###
##........................#
..#
#.#.......................#
..#
#.#.........####..........#
..#
#.#.......##....##........#
..#
#.#......#........#.......#
..#
#.#........##......#......#
###
#.#....(.....#.....#......#
##.#........@......#......#
#..#.........3....#.......#
#...#.............#.......#
#....#...........#........#
#.....##.......##.........#
#.......#######...........#
#.................2.......#
###########################


You could see a sixfirhy.

Vanquished Creatures
  Cerebov (Pan)
  Antaeus (Coc:7)
  Asmodeus (Geh:7)
  Ereshkigal (Tar:7)
  the Royal Jelly (Slime:5)
  Gloorx Vloq (Pan)
  Lom Lobon (Pan)
  Mnoleg (Pan)
  the Serpent of Hell (Dis:7)
  6 dread liches
  Dispater (Dis:7)
  7 orbs of fire
  15 ancient liches
  5 juggernauts
  Mara (Vaults:5)
  Boris (Tomb:2)
  Sojobo (Vaults:5)
  21 royal mummies
  29 shard shrikes
  18 Killer Klowns
  Bai Suzhen (Elf:3)
  Frederick (Depths:4)
  Parghit (Zot:2)
  17 pandemonium lords
  A caustic shrike (shapeshifter) (Zig:21)
  2 curse toes
  Saint Roka (Orc:2)
  3 caustic shrikes
  11 golden dragons
  Geryon (Hell)
  Nikola (Elf:2)
  14 electric golems
  30 bone dragons
  11 Brimstone Fiends
  21 doom hounds
  7 profane servitors
  19 iron giants
  8 pearl dragons
  15 Tzitzimimeh
  Jorgrun (Spider:3)
  28 Hell Sentinels
  22 hellephants
  Mlioglotl (Swamp:4)
  17 searing wretches
  A spectral shard shrike (Tar:6)
  23 tainted leviathans
  24 Ice Fiends
  26 Orb Guardians
  33 tentacled monstrosities
  14 liches
  2 walking earthen tomes
  Zenata (Crypt:2)
  3 deep elf master archers (Elf:3)
  Asterion (Elf:2)
  7 quicksilver dragons
  19 titans
  2 deep elf blademasters (Elf:3)
  A quicksilver dragon (shapeshifter) (Zig:21)
  2 walking frostbound tomes
  23 Executioners
  23 ancient champions
  9 death cobs
  5 thorn hunters
  18 acid blobs
  The ghost of Zeldest the Grappler, an adept TrTm of Cheibriados (Swamp:4)
  16 sphinxes
  21 tentacled starspawn
  14 shadow dragons
  6 revenants
  8 tengu reavers
  2 demonspawn warmongers (Pan)
  Kirke (Swamp:4)
  An azure jelly (shapeshifter) (Zig:21)
  Donald (Spider:4)
  40 storm dragons
  Louise (Elf:2)
  5 iron dragons
  7 daevas (Zig:18)
  29 narguns
  20 azure jellies
  10 nagarajas
  2 fenstrider witches
  7 deep elf sorcerers
  12 rockslimes
  12 quicksilver elementals
  2 spectral juggernauts
  17 ghost moths
  17 draconian monks
  4 orc warlords
  32 fire giants
  11 emperor scorpions
  19 draconian scorchers
  14 draconian knights
  7 deep elf elementalists
  43 balrugs
  31 cacodemons
  A juggernaut zombie (Crypt:2)
  21 draconian stormcallers
  4 angels
  8 ghouls
  15 shard shrike simulacra
  3 spectral caustic shrikes
  14 frost giants
  14 vault wardens
  18 draconian annihilators
  2 caustic shrike zombies
  4 broodmothers
  18 quicksilver oozes
  12 curse skulls
  21 green draconians
  15 ironbound preservers
  23 draconian shifters
  24 war gargoyles
  2 ironbound thunderhulks (Vaults:2)
  20 stone giants
  3 caustic shrike skeletons
  3 spriggan defenders
  39 very ugly things
  11 reapers
  6 bennus
  11 demonspawn corrupters
  6 demonspawn blood saints (Pan)
  11 vampire knights
  5 deep elf demonologists
  7 ophanim
  5 demonspawn black suns
  16 black draconians
  A juggernaut skeleton (Crypt:1)
  4 apis (Zig:18)
  9 eleionomae
  An eleionoma (shapeshifter) (Zig:21)
  9 putrid mouths
  19 wendigos
  13 entropy weavers
  15 white draconians
  A minotaur (Gauntlet)
  8 dire elephants
  22 elemental wellsprings
  A spectral titan (Tar:3)
  90 starcursed masses
  14 yellow draconians
  7 deep elf annihilators
  12 red draconians
  4 bunyips
  16 lorocyprocas
  11 spark wasps
  15 purple draconians
  Snorg (D:11)
  19 ettins
  2 spectral quicksilver dragons
  24 eidola
  15 iron golems
  2 crystal guardians
  20 blizzard demons
  23 green deaths
  12 fire dragons
  2 quicksilver dragon zombies
  7 jiangshi
  A spectral iron giant (Tar:3)
  6 merfolk javelineers
  11 deep elf death magi
  2 spectral spriggans
  A merfolk impaler (Zig:9)
  5 shambling mangroves
  Josephine (D:11)
  7 rakshasas
  A fenstrider witch zombie (Crypt:2)
  12 yaktaur captains
  26 mummy priests
  A spectral shadow dragon (Tar:1)
  4 deep elf high priests
  26 vault guards
  14 great orbs of eyes
  3 spriggan zombies
  2 peacekeepers
  A kraken zombie (Hell)
  14 salamander tyrants
  15 ice dragons
  Erolcha (Orc:2)
  5 boulder beetles
  13 caustic shrike simulacra
  A boulder beetle (shapeshifter) (Vaults:5)
  A jorogumo (shapeshifter) (Vaults:5)
  A quicksilver dragon skeleton (Hell)
  8 hell beasts (Pan)
  11 spriggan air magi
  4 ogre magi
  5 jorogumos
  3 spriggan skeletons (Pan)
  24 hydras
  11 alligators
  3 alligator snapping turtles
  7 juggernaut simulacra
  A fenstrider witch skeleton (Pan)
  8 ghost crabs
  7 ironbound frosthearts
  2 catoblepae
  3 radroaches
  4 stokers
  2 centaur warriors (D:13)
  5 merfolk aquamancers
  An anaconda (shapeshifter) (D:14)
  4 two-headed ogres
  A spectral stone giant (Tar:3)
  6 death knights
  33 dancing weapons
  64 death scarabs
  24 hell hogs
  8 deep troll earth magi
  7 deep troll shamans
  A bennu skeleton (Crypt:1)
  39 thrashing horrors
  3 orc high priests
  4 death yaks (Lair:5)
  7 vampire magi
  A quicksilver ooze zombie (Crypt:2)
  2 spectral dire elephants (Tar:4)
  7 shock serpents
  6 holy swine (Pan)
  10 tengu warriors
  59 soul eaters
  A titan zombie (Hell)
  A naga sharpshooter (Zig:15)
  25 deep elf knights
  4 spriggan berserkers
  26 hell knights
  Nergalle (Lair:2)
  32 wretched stars
  11 spriggans
  9 iron trolls
  Amaemon (Lair:3)
  38 sixfirhies
  72 sun demons
  15 crystal echidnas
  4 spatial maelstroms
  2 sun moths
  A titan skeleton (Vaults:4)
  A bunyip zombie (Hell)
  3 fire crabs (Zig:14)
  7 cherubim (Zig:18)
  An anaconda zombie (Hell)
  7 goliath frogs
  32 skeletal warriors
  A spectral bunyip (Tar:1)
  A goliath frog (shapeshifter) (Vaults:5)
  9 shadow demons
  9 glowing orange brains
  2 storm dragon skeletons
  4 flayed ghosts
  8 pharaoh ants
  29 shadow wraiths
  15 orb spiders
  3 sea snakes (Zig:9)
  2 spectral iron dragons (Tar:2)
  7 death drakes
  11 steelbarb worms
  5 quicksilver dragon simulacra
  A deep troll (shapeshifter) (Elf:1)
  2 orange crystal statues (Zig:15)
  11 spriggan simulacra
  50 deep trolls
  A naga ritualist (Zig:19)
  A spectral wolf spider (Spider:4)
  5 harpies (Vaults:3)
  8 spriggan druids
  8 lindwurms
  A kraken simulacrum (Coc:7)
  An iron giant skeleton (Pan)
  16 necromancers
  2 obsidian statues
  16 swamp dragons
  Pikel (D:4)
  A harpy (shapeshifter) (D:14)
  3 anaconda skeletons
  19 wizards
  12 ironbound convokers
  25 deep elf archers
  9 bog bodies
  12 phantasmal warriors
  A wolf spider zombie (Spider:4)
  33 deep elf zephyrmancers
  12 orc knights
  2 iron dragon zombies (Hell)
  4 shining eyes
  A salamander (D:15)
  44 deep elf pyromancers
  14 orc sorcerers
  2 worldbinders (Abyss:3)
  A shadow dragon skeleton (Vaults:4)
  26 wolf spiders
  A fire giant zombie (Vaults:4)
  A cyclops (shapeshifter) (Zig:21)
  7 will-o-the-wisps
  A stone giant zombie (Hell)
  44 ugly things
  31 moths of wrath
  A manticore (shapeshifter) (Lair:5)
  8 cyclopes
  An eleionoma zombie (Crypt:3)
  An elephant (shapeshifter) (D:14)
  A sphinx skeleton (Crypt:2)
  5 manticores
  A spectral alligator snapping turtle (Tar:2)
  4 elephants
  A moth of wrath (shapeshifter) (Zig:21)
  A centaur zombie (Hell)
  2 merfolk sirens
  55 smoke demons
  5 guardian serpents
  A dire elephant zombie (Hell)
  2 rust devils
  2 naga magi
  10 ice statues
  7 eyes of devastation
  49 orange demons
  9 torpor snails
  13 apocalypse crabs
  6 black mambas
  A water nymph (Zig:9)
  2 gargoyles
  3 storm dragon simulacra
  6 titan simulacra
  15 vault sentinels
  11 molten gargoyles (Geh:7)
  13 cane toads
  33 hellions
  A centaur skeleton (Hell)
  3 spectral redbacks (Spider:4)
  4 kobold demonologists
  38 demonic crawlers
  An alligator snapping turtle zombie (Hell)
  An elf skeleton (Vaults:4)
  A spectral two-headed ogre (Tar:1)
  4 iron giant simulacra
  6 rime drakes
  14 komodo dragons
  A redback zombie (Spider:4)
  25 tormentors
  30 freezing wraiths
  An unseen horror (Abyss:3)
  23 yaktaurs
  3 bunyip simulacra
  5 tengu conjurers
  7 ice devils
  A pale draconian zombie (Crypt:3)
  9 anaconda simulacra
  15 efreet
  A golden dragon simulacrum (Coc:7)
  2 spectral nagas
  An alligator snapping turtle skeleton (Crypt:3)
  22 hellwings
  3 spectral harpies
  12 red devils
  A sea snake skeleton (Crypt:3)
  5 silent spectres
  33 ancient zymes
  14 trolls
  An iron troll skeleton (Crypt:2)
  6 meliai
  67 guardian mummies
  A polar bear (Lair:1)
  A wind drake (Zig:9)
  15 human skeletons
  17 hornets
  A shadow dragon simulacrum (Vaults:4)
  2 spectral culicivoras (Spider:4)
  A hornet (shapeshifter) (Zig:21)
  10 merfolk (Zig:9)
  A hydra zombie (Hell)
  29 tarantellas
  A harpy skeleton (Hell)
  12 tyrant leeches
  91 slime creatures
  2 snapping turtles (shapeshifter)
  A culicivora zombie (Spider:4)
  2 ice dragon zombies (Tomb:1)
  5 spectral jumping spiders (Spider:4)
  3 spectral tarantellas (Spider:4)
  2 alligator zombies
  11 blink frogs (Lair:5)
  2 hydra skeletons
  7 dream sheep (Lair:3)
  3 stone giant simulacra
  20 raiju
  An iron dragon simulacrum (Coc:7)
  A jumping spider zombie (Spider:4)
  A fire giant simulacrum (Zig:7)
  A snapping turtle (Zig:19)
  13 air elementals
  2 tarantella zombies (Spider:4)
  38 flying skulls
  34 jumping spiders
  23 culicivoras
  3 centaur simulacra (Crypt:3)
  3 vampires
  20 water elementals
  2 ettin zombies (Hell)
  15 wraiths
  3 shadows
  60 yaks
  An alligator skeleton (Hell)
  51 ynoxinuls
  A guardian serpent skeleton (Crypt:1)
  4 wyverns
  8 dire elephant simulacra
  2 golden eyes
  A wind drake zombie (Crypt:2)
  2 ettin skeletons
  An elf zombie (Vaults:4)
  A hog (Swamp:4)
  25 ushabtiu
  5 naga simulacra
  54 redbacks
  Grum (D:11)
  4 swamp worm simulacra (Swamp:4)
  4 fire elementals
  6 basilisks
  48 neqoxecs
  A golden eye (shapeshifter) (D:13)
  3 steam dragons
  3 redbacks (shapeshifter)
  21 small abominations
  13 vampire mosquitoes
  An elf simulacrum (Vaults:4)
  62 chaos spawn
  4 alligator snapping turtle simulacra
  20 harpy simulacra
  A naga (shapeshifter) (Elf:3)
  14 swamp worms
  A swamp worm (shapeshifter) (D:14)
  6 wargs
  Edmund (D:4)
  3 glowing shapeshifter zombies
  A naga (Zig:15)
  3 naga skeletons (Pan)
  3 hell hounds (Zig:14)
  102 large abominations
  2 acid dragons
  10 water moccasins
  3 floating eyes (shapeshifter)
  An ogre skeleton (Vaults:4)
  Duvessa (D:4)
  16 hydra simulacra
  4 swamp drakes
  3 floating eyes
  4 black bears
  A water nymph skeleton (Crypt:2)
  7 ettin simulacra
  A fire dragon simulacrum (Coc:1)
  An ice beast (D:6)
  2 sky beasts
  An ice dragon simulacrum (Coc:1)
  49 orc warriors
  An elephant zombie (Crypt:3)
  4 centaurs
  A boggart (D:14)
  9 ogres
  16 wolves
  A lemure (D:4)
  A hog skeleton (Crypt:2)
  2 kobold brigands
  A phantom (D:9)
  A rime drake zombie (Crypt:1)
  9 bullfrogs
  A komodo dragon zombie (Crypt:3)
  4 necrophages
  A scorpion (D:3)
  4 earth elementals
  A demonspawn simulacrum (Crypt:3)
  14 wights
  A troll zombie (D:9)
  Dowan (D:4)
  2 tengu zombies (Hell)
  A killer bee (D:11)
  12 electric eels
  5 howler monkeys
  A wolf skeleton (Crypt:3)
  A human simulacrum (Vaults:4)
  6 quasits
  2 gnoll boudas
  30 orc priests
  4 hounds
  4 jellies (Sewer)
  An iron imp (Abyss:3)
  An iguana (D:4)
  38 orc wizards
  5 hell rats (Lair:4)
  A statue (D:14)
  5 ogre zombies (D:9)
  An ice beast zombie (Crypt:3)
  45 mummies
  A howler monkey zombie (Crypt:1)
  Robin (D:4)
  16 gnolls
  11 adders
  A river rat (Sewer)
  2 shadow imps (D:6)
  4 white imps
  An ufetubus (D:5)
  4 swamp drake simulacra (Swamp:4)
  A lava snake zombie (Crypt:3)
  6 worms
  A dart slug (shapeshifter) (Zig:21)
  6 dart slugs
  116 orcs
  A bat skeleton (Crypt:2)
  15 endoplasms
  2 giant cockroaches
  16 goblins
  7 hobgoblins
  17 kobolds
  5 quokkas
  12 ball pythons
  6 bats
  5 frilled lizards
  2 goblin skeletons (D:9)
  A goblin zombie (D:9)
  4 hobgoblin zombies (D:9)
  A jackal skeleton (Crypt:1)
  An orc skeleton (D:9)
  11 orc zombies (D:9)
  14 rats
  3 ball lightnings (Pan)
  4 creeping infernos
  42 fire vortices
  2 lurking horrors (Abyss:3)
  7 starspawn tentacles
  4 tentacles
5428 creatures vanquished.

Vanquished Creatures (collateral kills)
  A juggernaut (Zig:10)
  A royal mummy (Tomb:1)
  2 shard shrikes
  2 Killer Klowns
  A pandemonium lord (Zig:21)
  A bone dragon (Tar:7)
  An Ice Fiend (Coc:7)
  A tentacled monstrosity (Zig:19)
  A tainted leviathan (Tar:7)
  A lich (Zig:23)
  A titan (Coc:3)
  An Executioner (Zig:26)
  A storm dragon (Zot:5)
  A draconian monk (Zig:27)
  A nagaraja (Zig:19)
  A nargun (Coc:3)
  A spectral juggernaut (Tar:5)
  A draconian scorcher (Zig:27)
  A draconian shifter (Zig:27)
  An ophan (Zig:18)
  A demonspawn corrupter (Pan)
  A lorocyproca (Zig:26)
  A wendigo (Coc:7)
  A bunyip (Zig:17)
  A hydra (Zig:17)
  A spectral stone giant (Tar:2)
  3 death scarabs (Tomb:3)
  A wretched star (Zig:23)
  A goliath frog (Zig:17)
  An orb spider (Zig:13)
  3 moths of wrath
  An orange demon (Pan)
  A spectral harpy (Tar:2)
  A raiju (Zig:24)
  A slime creature (Slime:1)
  An air elemental (Zig:24)
  3 ynoxinuls (Pan)
  A snapping turtle (Zig:19)
  A large abomination (Pan)
  A wraith (Zig:23)
  2 neqoxecs (Pan)
  2 chaos spawn
  2 harpy simulacra
  11 starcursed masses
  5 mummies
  3 orcs (D:5)
  2 starspawn tentacles
75 creatures vanquished.

Vanquished Creatures (others)
  An eldritch tentacle (Pan)
  A soul eater (Pan)
  A pharaoh ant (Zig:19)
  A hellwing (Pan)
  A tyrant leech (Swamp:4)
  A bloated husk (Zig:19)
  A raiju (Abyss:3)
  A harpy skeleton (Abyss:3)
  A human (Crypt:2)
  A chaos spawn (Pan)
  4 hogs (Swamp:4)
  A redback (Spider:2)
  3 ball lightnings (Pan)
  A bush (Abyss:3)
  1316 fire vortices
  12 foxfires
  44 fungi
  33 plants
  13 starspawn tentacles
  7 tentacles
  4 toadstools (D:4)
  2 withered plants (Gauntlet)
1450 creatures vanquished.

Grand Total: 6953 creatures vanquished

Notes
Turn   | Place    | Note
-------+----------+-------------------------------------------
     0 | D:1      | quixfox the Demonspawn Conjurer began the quest for the
                  | Orb.
     0 | D:1      | Reached XP level 1. HP: 13/13 MP: 3/3
   400 | D:1      | Gained mutation: You have sharp fingernails. [demonic
                  | ancestry]
   400 | D:1      | Reached XP level 2. HP: 19/19 MP: 1/5
   403 | D:1      | Learned a level 2 spell: Searing Ray
  1159 | D:1      | Found a faded altar of an unknown god.
  1347 | D:2      | Gained mutation: You regenerate magic rapidly. [demonic
                  | ancestry]
  1347 | D:2      | Reached XP level 3. HP: 24/24 MP: 0/6
  2005 | D:2      | Identified the ring "Athryiw" {rN+ MP+9 Int-2 Dex+3}
  2200 | D:3      | Reached skill level 5 in Conjurations
  2200 | D:3      | Reached XP level 4. HP: 16/30 MP: 5/8
  2205 | D:3      | Learned a level 4 spell: Iskenderun's Mystic Blast
  3041 | D:4      | Noticed a scorpion
  3136 | D:4      | Noticed Robin
  3151 | D:4      | Killed Robin
  3152 | D:4      | Gained mutation: You are surrounded by a mild repulsion
                  | field. (EV +2) [demonic ancestry]
  3152 | D:4      | Reached XP level 5. HP: 25/35 MP: 7/9
  3646 | D:4      | Noticed Pikel
  3647 | D:4      | Noticed a lemure
  3671 | D:4      | Noticed a lemure
  3675 | D:4      | Killed Pikel
  3675 | D:4      | Killed a lemure
  3676 | D:4      | Reached XP level 6. HP: 33/41 MP: 8/13
  3676 | D:4      | Gained mutation: You have very sharp fingernails. [demonic
                  | ancestry]
  3676 | D:4      | Reached XP level 7. HP: 37/46 MP: 8/14
  3825 | D:4      | Noticed Edmund
  3847 | D:4      | Killed Edmund
  4076 | D:4      | Reached skill level 5 in Spellcasting
  4254 | D:4      | Noticed Duvessa
  4254 | D:4      | Noticed Dowan
  4416 | D:4      | Killed Dowan
  4421 | D:4      | Killed Duvessa
  4422 | D:4      | Reached XP level 8. HP: 29/52 MP: 6/15
  4767 | D:5      | Entered Level 5 of the Dungeon
  5059 | D:5      | Reached skill level 1 in Fighting
  5317 | D:5      | Found a sparkling altar of Nemelex Xobeh.
  5524 | D:5      | Found an ancient bone altar of Kikubaaqudgha.
  5524 | D:5      | Found a sacrificial altar of Ru.
  5748 | D:6      | Identified a scroll of acquirement
  5748 | D:6      | Acquired 1136 gold pieces
  5869 | D:6      | Found a glowing drain.
  5883 | Sewer    | Entered a sewer
  6101 | Sewer    | Found a viscous altar of Jiyva.
  6319 | D:6      | Reached XP level 9. HP: 26/62 MP: 18/18
  6568 | D:6      | Found Kypixzif's Magic Scroll Shoppe.
  6576 | D:6      | Bought a scroll of blinking for 90 gold pieces
  6576 | D:6      | Bought a scroll of teleportation for 36 gold pieces
  6576 | D:6      | Bought a scroll of fear for 48 gold pieces
  6576 | D:6      | Bought 2 scrolls of butterflies for 96 gold pieces
  6576 | D:6      | Bought a scroll of identify for 24 gold pieces
  6611 | D:6      | Found a shimmering blue altar of Sif Muna.
  6974 | D:6      | Reached skill level 10 in Conjurations
  7129 | D:7      | Identified the +5 great sword "Zeumush" {elec, Stlth+}
  7530 | D:7      | Found a staircase to the Ecumenical Temple.
  7538 | Temple   | Entered the Ecumenical Temple
  7550 | Temple   | Became a worshipper of Vehumet
  8195 | D:7      | Learned a level 4 spell: Sticky Flame
  8205 | D:8      | Found a runed translucent door.
  8319 | D:8      | Reached XP level 10. HP: 73/73 MP: 20/20
  8358 | D:8      | Noticed an elephant
  8409 | D:8      | Found a staircase to the Lair.
  8561 | D:8      | Killed an elephant
  8562 | D:8      | Reached skill level 1 in Fire Magic
  8729 | D:8      | Reached skill level 5 in Dodging
  8787 | D:8      | Reached * piety under Vehumet
  8787 | D:8      | Offered knowledge of Shock by Vehumet.
  8809 | D:8      | Reached skill level 5 in Fighting
  9192 | D:8      | Noticed Bediveer's ghost (novice TrCK)
  9621 | D:9      | Offered knowledge of Poisonous Vapours by Vehumet.
  9624 | D:9      | Reached ** piety under Vehumet
  9830 | D:9      | Found a staircase to the Orcish Mines.
  9897 | D:9      | Identified the ring of Korhitz {rElec MP+9}
 10055 | D:9      | Found a stormy altar of Qazlal.
 10058 | D:9      | Found a snail-covered altar of Cheibriados.
 10062 | D:9      | Found an ornate altar of the Wu Jian Council.
 10062 | D:9      | Found a hazy altar of Hepliaklqana.
 10062 | D:9      | Found a bloodstained altar of Trog.
 10063 | D:9      | Found an iron altar of Okawaru.
 10065 | D:9      | Found a hide-covered altar of Uskayaw.
 10067 | D:9      | Found a shadowy altar of Dithmenos.
 10359 | D:10     | Entered Level 10 of the Dungeon
 10441 | D:10     | Noticed a two-headed ogre
 10463 | D:10     | Killed a two-headed ogre
 10539 | D:10     | Found Biakhled's Antique Armour Shop.
 10551 | D:10     | Offered knowledge of Inner Flame by Vehumet.
 10552 | D:10     | Gained mutation: You are surrounded by a moderate repulsion
                  | field. (EV +3) [demonic ancestry]
 10552 | D:10     | Reached XP level 11. HP: 81/81 MP: 13/23
 10660 | D:10     | Bought a runed cloak for 195 gold pieces
 10736 | D:10     | Found a portal to a secret trove of treasure.
 10777 | D:10     | Reached *** piety under Vehumet
 11166 | Lair:1   | Entered Level 1 of the Lair of Beasts
 11175 | D:8      | Learned a level 5 spell: Freezing Cloud
 11302 | Lair:1   | Reached skill level 1 in Ice Magic
 11302 | Lair:1   | Reached skill level 1 in Air Magic
 11405 | Lair:1   | You fall into a shaft and drop 1 floor!
 11443 | Lair:1   | Noticed a catoblepas
 11456 | Lair:1   | Killed a catoblepas
 11553 | Lair:1   | Offered knowledge of Stone Arrow by Vehumet.
 12297 | Lair:2   | Found a staircase to the Swamp.
 12505 | Lair:2   | Gained mutation: When hurt, damage is shared between your
                  | health and your magic reserves. [demonic ancestry]
 12505 | Lair:2   | Reached XP level 12. HP: 91/91 MP: 25/25
 12538 | Lair:2   | Noticed Nergalle
 12545 | Lair:2   | Killed Nergalle
 12597 | Lair:2   | Reached **** piety under Vehumet
 12607 | Lair:2   | Noticed a five-headed hydra
 12612 | Lair:2   | Killed a five-headed hydra
 12613 | Lair:2   | Reached skill level 1 in Unarmed Combat
 12706 | Lair:2   | Noticed a catoblepas
 12721 | Lair:2   | Killed a catoblepas
 13093 | Lair:3   | Offered knowledge of Airstrike by Vehumet.
 13099 | Lair:3   | Learned a level 4 spell: Airstrike
 13106 | Lair:3   | Reached skill level 5 in Fire Magic
 13258 | Lair:3   | Found a burning altar of Makhleb.
 13299 | Lair:3   | Noticed Amaemon
 13308 | Lair:3   | Killed Amaemon
 13387 | Lair:3   | Noticed a five-headed hydra
 13391 | Lair:3   | Killed a five-headed hydra
 13392 | Lair:3   | Noticed a five-headed hydra
 13398 | Lair:3   | Killed a five-headed hydra
 13520 | Lair:3   | Found a hole to the Spider Nest.
 13937 | Lair:4   | Reached skill level 10 in Spellcasting
 14048 | Lair:4   | Identified the +10 falchion of Cogar {protect, rCorr}
 14072 | Lair:4   | Gained mutation: You sometimes gain a little power by
                  | taking damage. [demonic ancestry]
 14072 | Lair:4   | Reached XP level 13. HP: 94/101 MP: 19/27
 14119 | Lair:4   | Found a staircase to the Slime Pits.
 14119 | Lair:4   | Found a viscous altar of Jiyva.
 14357 | Lair:4   | Learned a level 8 spell: Ignition
 14581 | Lair:5   | Entered Level 5 of the Lair of Beasts
 14682 | Lair:5   | Reached ***** piety under Vehumet
 14684 | Lair:5   | Offered knowledge of Fireball by Vehumet.
 14686 | Lair:5   | Reached skill level 10 in Fighting
 14692 | Lair:5   | Learned a level 5 spell: Fireball
 15198 | Lair:5   | Reached skill level 10 in Dodging
 15339 | Lair:5   | Found a corrupted altar of Lugonu.
 15486 | Lair:5   | Found a one-way gate to the infinite horrors of the Abyss.
 15989 | Lair:5   | Gained mutation: You sometimes gain power by taking damage.
                  | [demonic ancestry]
 15989 | Lair:5   | Reached XP level 14. HP: 113/113 MP: 13/28
 16361 | Orc:1    | Entered Level 1 of the Orcish Mines
 16363 | Orc:1    | Offered knowledge of Irradiate by Vehumet.
 16368 | Orc:1    | Paralysed by an orc sorcerer for 4 turns
 16591 | Orc:1    | Noticed an orc warlord
 16616 | Orc:1    | Killed an orc warlord
 16892 | Orc:2    | Entered Level 2 of the Orcish Mines
 16996 | Orc:2    | Found a staircase to the Elven Halls.
 17627 | Orc:2    | Found Peror's Antique Armour Shop.
 17635 | Orc:2    | Bought a runed cloak for 277 gold pieces
 17738 | Orc:2    | Found Biciggan's Distillery.
 17744 | Orc:2    | Bought a potion of heal wounds for 65 gold pieces
 17744 | Orc:2    | Bought a potion of berserk rage for 65 gold pieces
 17744 | Orc:2    | Bought a potion of heal wounds for 65 gold pieces
 17744 | Orc:2    | Bought a potion of invisibility for 104 gold pieces
 17744 | Orc:2    | Bought a potion of curing for 39 gold pieces
 17747 | Orc:2    | Bought a potion of degeneration for 13 gold pieces
 17796 | Orc:2    | Noticed Erolcha
 17799 | Orc:2    | Killed Erolcha
 18090 | Orc:2    | Noticed Saint Roka
 18159 | Orc:2    | Killed Saint Roka
 18159 | Orc:2    | Reached ****** piety under Vehumet
 18524 | Orc:2    | Found Tesapn's Antique Weapon Shop.
 18529 | Orc:2    | Found Uteurus's Antique Armour Boutique.
 18537 | Orc:2    | Bought a runed robe for 77 gold pieces
 18537 | Orc:2    | Bought a runed robe for 77 gold pieces
 18543 | Orc:2    | Bought a crude hand axe for 224 gold pieces
 18543 | Orc:2    | Identified the +5 hand axe of Sharkskin {freeze, Will+
                  | Dex+2} (You bought it in a shop on level 2 of the Orcish
                  | Mines)
 18872 | D:11     | Noticed Grum
 18877 | D:11     | Killed Grum
 19014 | D:11     | Offered knowledge of Conjure Ball Lightning by Vehumet.
 19427 | D:11     | Noticed Josephine
 19430 | D:11     | Killed Josephine
 19551 | D:11     | Noticed Snorg
 19556 | D:11     | Killed Snorg
 19987 | D:12     | Identified the +4 ring mail of the Tanner {Str+2}
 21478 | D:13     | Gained mutation: You have claws for hands. [demonic
                  | ancestry]
 21478 | D:13     | Reached XP level 15. HP: 116/122 MP: 28/29
 21801 | D:13     | Reached skill level 10 in Fire Magic
 22248 | D:13     | Found a gate to the Vaults.
 22287 | D:14     | Found Guji's Demolitions Depot.
 22341 | D:14     | Bought a manual of Evocations for 1200 gold pieces
 22559 | D:14     | You fall into a shaft and drop 1 floor!
 22559 | D:15     | Entered Level 15 of the Dungeon
 22612 | D:15     | Found a staircase to the Depths.
 22616 | D:15     | Noticed an emperor scorpion
 22617 | D:15     | Reached skill level 1 in Evocations
 22625 | D:15     | Offered knowledge of Iron Shot by Vehumet.
 22633 | D:15     | Killed an emperor scorpion
 22800 | D:15     | Found a gate leading to a gauntlet.
 22805 | Gauntlet | Entered a Gauntlet
 22805 | Gauntlet | Found a runed translucent door.
 22805 | Gauntlet | Found a transporter.
 22805 | Gauntlet | Found a runed translucent door.
 22805 | Gauntlet | Found a transporter.
 22811 | Gauntlet | Found a transporter.
 22823 | Gauntlet | Found a transporter.
 22841 | Gauntlet | Found a transporter.
 22841 | Gauntlet | Found a transporter.
 22843 | Gauntlet | Found a transporter.
 22843 | Gauntlet | Found a transporter.
 22844 | Gauntlet | Found a transporter.
 22848 | Gauntlet | Found a runed translucent door.
 22853 | Gauntlet | Found a runed translucent door.
 22855 | Gauntlet | Found a transporter.
 22871 | Gauntlet | Found a transporter.
 22878 | Gauntlet | Found a runed translucent door.
 22882 | Gauntlet | Found a transporter.
 22895 | Gauntlet | Found a transporter.
 22915 | Gauntlet | Found a transporter.
 23109 | Gauntlet | Learned a level 6 spell: Iron Shot
 23299 | Gauntlet | Identified the ring of the Sunfish {rPois Will+ Int+3
                  | Dex+4}
 23322 | Gauntlet | Identified the amulet "Cusur" {Acrobat Fly Int+8}
 23364 | Gauntlet | Identified the ring "Qouhox" {Ice rElec}
 23374 | Gauntlet | Got the Parchment of the Salvo
 23734 | D:14     | Found a radiant altar of Vehumet.
 23829 | D:14     | Found a sparkling altar of Nemelex Xobeh.
 23923 | D:14     | Reached skill level 1 in Earth Magic
 25188 | D:15     | Reached skill level 5 in Evocations
 25321 | D:15     | Offered knowledge of Lee's Rapid Deconstruction by Vehumet.
 25584 | Elf:1    | Entered Level 1 of the Elven Halls
 25594 | Elf:1    | Gained mutation: You are powered by pain. [demonic
                  | ancestry]
 25594 | Elf:1    | Reached XP level 16. HP: 126/131 MP: 20/31
 25761 | Elf:1    | Learned a level 5 spell: Lee's Rapid Deconstruction
 26225 | Elf:1    | Found Oniosut's Weapon Shop.
 26436 | Elf:1    | Reached skill level 5 in Earth Magic
 27050 | Elf:2    | Paralysed by an air elemental for 1 turns
 27053 | Elf:2    | Paralysed by an air elemental for 1 turns
 27354 | Elf:2    | Found Siatiat's Magic Scroll Emporium.
 27366 | Elf:2    | Bought a scroll of blinking for 97 gold pieces
 27375 | Elf:2    | Offered knowledge of Starburst by Vehumet.
 27386 | Elf:2    | Noticed Louise
 27402 | Elf:2    | Killed Louise
 27497 | Elf:2    | Noticed Asterion
 27796 | Elf:2    | Killed Asterion
 27890 | Elf:2    | Found a runed translucent gate.
 27890 | Elf:2    | Found a runed translucent gate.
 27892 | Elf:2    | Found a runed translucent gate.
 28095 | Elf:2    | Reached XP level 17. HP: 140/140 MP: 28/33
 28146 | Elf:2    | Got Ymausics's Volume of Vapour
 28159 | Elf:2    | Got Reqoizy's Incunabulum of the Blaze
 28466 | Elf:3    | Entered Level 3 of the Elven Halls
 28914 | Elf:3    | Reached skill level 15 in Fighting
 29138 | Elf:3    | Noticed Bai Suzhen
 29151 | Elf:3    | Killed Bai Suzhen
 29151 | Elf:3    | Offered knowledge of Spellforged Servitor by Vehumet.
 29719 | Elf:3    | Noticed a deep elf master archer
 29723 | Elf:3    | Killed a deep elf master archer
 30372 | Elf:3    | Identified the +2 leather armour of Dithmenos's Delight
                  | {Rampage Dex-4 Slay+2 SInv}
 31164 | Elf:3    | Noticed a deep elf blademaster
 31181 | Elf:3    | Killed a deep elf blademaster
 31439 | Elf:3    | Noticed a deep elf blademaster
 31446 | Elf:3    | Killed a deep elf blademaster
 31568 | Elf:3    | Identified the +10 great sword of the Beast {spect, rF+
                  | Will++}
 31568 | Elf:3    | Identified the ring of Dufystri {Fly Dex+2 SInv Stlth-}
 31608 | Elf:3    | Noticed a deep elf master archer
 31613 | Elf:3    | Killed a deep elf master archer
 31614 | Elf:3    | Identified the amulet of Aczeis {Spirit Fly rElec Int-4
                  | Dex+2}
 31617 | Elf:3    | Identified the +5 scimitar of Tortured Honour {flame,
                  | rCorr}
 31737 | Elf:3    | Identified the +2 trident of Gozag, Shrinking {antimagic,
                  | rPois Will+}
 32367 | Elf:3    | Identified the +4 chain mail of the Dwarven Hall {rF+ Int-2
                  | SInv}
 32508 | Elf:3    | Identified the +6 quarterstaff of Prudence {vorpal, *Noise
                  | rElec rC+ Will+}
 32635 | Elf:3    | Identified the +10 war axe "Leatar" {chaos, Fragile MP+9
                  | Int+2}
 32701 | Elf:3    | Got the Vellum of the Mountains and Mortification
 32767 | Elf:3    | Noticed a deep elf master archer
 32775 | Elf:3    | Gained mutation: You are surrounded by a strong repulsion
                  | field. (EV +4, RMsl) [demonic ancestry]
 32775 | Elf:3    | Reached XP level 18. HP: 93/151 MP: 35/35
 33384 | Spider:1 | Entered Level 1 of the Spider Nest
 33735 | Spider:1 | Offered knowledge of Fire Storm by Vehumet.
 33735 | Spider:1 | Offered knowledge of Shatter by Vehumet.
 33735 | Spider:1 | Offered knowledge of Maxwell's Capacitive Coupling by
                  | Vehumet.
 34145 | Spider:1 | You are sucked into a shaft and drop 1 floor!
 35102 | Spider:2 | Found a runed translucent door.
 35103 | Spider:2 | Found a shimmering altar of Xom.
 35103 | Spider:2 | Noticed Newt's ghost (adept KoAM)
 35404 | Spider:3 | Noticed Jorgrun
 35464 | Spider:3 | Killed Jorgrun
 36828 | Spider:4 | Entered Level 4 of the Spider Nest
 36844 | Spider:4 | Noticed Donald
 36853 | Spider:4 | Killed Donald
 37903 | Spider:4 | Gained mutation: You are robust. (+10% HP) [demonic
                  | ancestry]
 37903 | Spider:4 | Reached XP level 19. HP: 152/173 MP: 32/37
 38169 | D:10     | You paid a toll of 11 potions of heal wounds to enter a
                  | treasure trove
 38170 | Trove    | Entered a treasure trove
 38191 | Trove    | Identified the ring "Ovatecwi" {Str+6 Int+3}
 38196 | Trove    | Identified the ring "Cohenux" {rElec Will+ rCorr Int-5
                  | Dex+6}
 38202 | Trove    | Identified the amulet "Naen" {Acrobat rF+++ Will- Dex-2
                  | SInv}
 38208 | Trove    | Identified the ring "Riyschoecw" {Ice rElec rN+ Stlth+}
 38211 | Trove    | Identified the ring of Untruth {Int+7 Dex+6 SInv Stlth+}
 38213 | Trove    | Identified the ring of Hesmuaw {Wiz +Blink rElec rPois rN+}
 38222 | Trove    | Identified the amulet "Odeenwos" {Reflect *Slow +Inv Int+2
                  | SH+5}
 38224 | Trove    | Identified the amulet "Loisch" {Acrobat rElec rF++ rC+++
                  | Int+3}
 38566 | Spider:4 | Reached skill level 15 in Spellcasting
 38583 | Spider:4 | Learned a level 9 spell: Fire Storm
 39305 | Spider:4 | Found the +3 crown of Dyrovepreva {rElec Int+2 SInv}
 39363 | Spider:4 | Got a gossamer rune of Zot
 39366 | Spider:4 | Identified the -1 pair of boots of Lies {rPois rC+ Str+2}
 39567 | Swamp:1  | Entered Level 1 of the Swamp
 41039 | Swamp:3  | Reached skill level 15 in Fire Magic
 41360 | Swamp:3  | Reached skill level 10 in Earth Magic
 41653 | Swamp:4  | Entered Level 4 of the Swamp
 41853 | Swamp:4  | Noticed Mlioglotl
 42498 | Swamp:4  | Killed Mlioglotl
 42723 | Swamp:4  | Found a transporter.
 42727 | Swamp:4  | Found a transporter.
 42727 | Swamp:4  | Noticed Zeldest's ghost (adept TrTm)
 42943 | Swamp:4  | Noticed Kirke
 42947 | Swamp:4  | Killed Kirke
 43287 | Swamp:4  | Got a decaying rune of Zot
 43608 | Depths:1 | Entered Level 1 of the Depths
 43648 | Depths:1 | Found a gateway to Hell.
 43880 | Depths:1 | Reached XP level 20. HP: 146/182 MP: 26/39
 43946 | Depths:1 | Found a runed translucent door.
 43978 | Depths:1 | Identified the +0 pair of boots "Utuaxuh" {rF++ Str-2
                  | Int+2}
 44168 | Depths:1 | Found a one-way gateway to a ziggurat.
 44487 | Depths:2 | Identified the +1 pair of boots of Modesty {-Cast rPois
                  | Dex+7 Stlth+}
 44782 | Depths:2 | Found a one-way gate leading to the halls of Pandemonium.
 44954 | Depths:2 | Reached skill level 15 in Conjurations
 45486 | Depths:2 | Noticed a caustic shrike
 45492 | Depths:2 | Killed a caustic shrike
 45584 | Depths:2 | Noticed a golden dragon
 45616 | Depths:2 | Killed a golden dragon
 46493 | Depths:2 | Upgraded the game from 0.29-a0-1065-g47a6bb87d6 to
                  | 0.30-a0-2-gf48d83f5e2
 46685 | Depths:3 | Found Putanun's Antique Armour Emporium.
 46696 | Depths:3 | Bought a brightly glowing crystal plate armour for 3060
                  | gold pieces
 46696 | Depths:3 | Identified the +0 crystal plate armour of Refuge {-Cast
                  | SInv Stlth+} (You bought it in a shop on level 3 of the
                  | Depths)
 47407 | Depths:3 | Reached XP level 21. HP: 189/189 MP: 28/40
 47707 | Depths:3 | Identified the +7 hand axe of Usurping Instant Death {holy,
                  | Fragile rF+++ Will++}
 49076 | Depths:4 | Entered Level 4 of the Depths
 50762 | Depths:4 | Found a gate to the Realm of Zot.
 50943 | Depths:4 | Noticed Frederick
 50948 | Depths:4 | Killed Frederick
 51047 | Depths:4 | Found Qapi's Book Shoppe.
 51047 | Depths:4 | Found Ohoyhise's Jewellery Shop.
 51048 | Depths:4 | Found Wiqunameo's Jewellery Shop.
 51458 | Vaults:1 | Entered Level 1 of the Vaults
 52682 | Vaults:2 | Found a huge runed gate.
 52682 | Vaults:2 | Found a huge runed gate.
 52682 | Vaults:2 | Found a huge runed gate.
 52682 | Vaults:2 | Found a huge runed gate.
 52682 | Vaults:2 | Found a huge runed gate.
 52682 | Vaults:2 | Found a huge runed gate.
 52683 | Vaults:2 | Found a huge runed gate.
 52683 | Vaults:2 | Found a huge runed gate.
 52683 | Vaults:2 | Found a huge runed gate.
 52683 | Vaults:2 | Found a huge runed gate.
 52683 | Vaults:2 | Found a huge runed gate.
 52684 | Vaults:2 | Found a huge runed gate.
 52685 | Vaults:2 | Found a huge runed gate.
 52686 | Vaults:2 | Found a huge runed gate.
 52698 | Vaults:2 | Found a huge runed gate.
 52698 | Vaults:2 | Found a huge runed gate.
 52698 | Vaults:2 | Found a huge runed gate.
 52699 | Vaults:2 | Found a huge runed gate.
 52700 | Vaults:2 | Found a huge runed gate.
 52709 | Vaults:2 | Found a huge runed gate.
 52709 | Vaults:2 | Found a huge runed gate.
 52709 | Vaults:2 | Found a huge runed gate.
 52709 | Vaults:2 | Found a huge runed gate.
 52709 | Vaults:2 | Found a huge runed gate.
 52709 | Vaults:2 | Found a huge runed gate.
 52710 | Vaults:2 | Found a huge runed gate.
 52711 | Vaults:2 | Found a huge runed gate.
 52712 | Vaults:2 | Found a huge runed gate.
 52720 | Vaults:2 | Found a huge runed gate.
 52720 | Vaults:2 | Found a huge runed gate.
 52720 | Vaults:2 | Found a huge runed gate.
 52720 | Vaults:2 | Found a huge runed gate.
 52720 | Vaults:2 | Found a huge runed gate.
 52720 | Vaults:2 | Found a huge runed gate.
 52721 | Vaults:2 | Found a huge runed gate.
 52763 | Vaults:2 | Found a huge runed gate.
 52787 | Vaults:2 | Found a staircase to the Crypt.
 52866 | Vaults:2 | Identified the +10 trident "Wosuab" {vorpal, Fly Str+5
                  | Int-5 SInv}
 53446 | Vaults:2 | Gained mutation: You are very robust. (+20% HP) [demonic
                  | ancestry]
 53446 | Vaults:2 | Reached XP level 22. HP: 189/214 MP: 28/41
 55194 | Vaults:4 | Reached skill level 15 in Earth Magic
 55866 | Vaults:4 | Paralysed by a great orb of eyes for 3 turns
 55868 | Abyss:2  | Found a corrupted altar of Lugonu.
 55868 | Abyss:2  | Cast into level 2 of the Abyss (hell knight)
 55962 | Vaults:4 | Escaped the Abyss
 56601 | Crypt:1  | Entered Level 1 of the Crypt
 56984 | Crypt:1  | Identified the +4 lajatang of Bedazzled Integrity {vorpal,
                  | rN+}
 57275 | Crypt:1  | Reached XP level 23. HP: 222/222 MP: 30/42
 58016 | Crypt:2  | Paralysed by a vampire knight for 2 turns
 58168 | Crypt:2  | Identified the +6 spear of Pubot {flame, rF+ rC++}
 58298 | Crypt:2  | Got Oruf's Handbook of Lethal Forms
 58445 | Crypt:2  | Noticed Zenata
 58832 | Crypt:2  | Killed Zenata
 59555 | Crypt:2  | Found a runed door.
 60021 | Crypt:2  | Noticed an ancient lich
 60023 | Crypt:2  | Killed an ancient lich
 60033 | Crypt:2  | Identified the +0 cloak "Meij" {+Blink Will- Str+5}
 60037 | Crypt:2  | Identified the +8 longbow of Demonkind {flame, rF- rC+
                  | Will+ Str+6}
 60063 | Crypt:2  | Identified the +1 robe of Salvation {Dex+3}
 60077 | Crypt:2  | Acquired a staff of fire
 60217 | Crypt:3  | Entered Level 3 of the Crypt
 60556 | Crypt:3  | Found a staircase to the Tomb.
 61922 | Crypt:3  | Found a basalt altar of Yredelemnul.
 61939 | Crypt:3  | Noticed a royal mummy
 61944 | Crypt:3  | Killed a royal mummy
 63305 | Crypt:3  | Identified the +1 crystal plate armour of Bellicose
                  | Amelioration {Harm rN+ Str+3}
 63801 | Crypt:3  | Identified the +0 ring mail of Modesty {Str-4 Int+5 Dex+3}
 64201 | Crypt:3  | Got the Cyclopedia of the Excursion
 64804 | Elf:2    | Noticed Nikola
 64809 | Elf:2    | Killed Nikola
 64848 | Elf:2    | Gained mutation: You are extremely robust. (+30% HP)
                  | [demonic ancestry]
 64848 | Elf:2    | Reached XP level 24. HP: 222/249 MP: 33/43
 65440 | Vaults:2 | Identified the +4 acid dragon scales "Baeriepo" {rElec
                  | rCorr Str+6}
 65609 | Hell     | Entered the Vestibule of Hell
 65609 | Hell     | Noticed Geryon
 65620 | Hell     | Killed Geryon
 65690 | Depths:1 | Learned a level 9 spell: Shatter
 65705 | Hell     | Noticed a dread lich
 65710 | Hell     | Killed a dread lich
 66057 | Hell     | Found a gateway to the decaying netherworld of Tartarus.
 66238 | Hell     | Found a gateway to the ashen valley of Gehenna.
 66437 | Hell     | Found a gateway to the Iron City of Dis.
 66508 | Hell     | Found a gateway to the freezing wastes of Cocytus.
 67162 | Vaults:5 | Entered Level 5 of the Vaults
 67164 | Vaults:5 | Noticed Sojobo
 67169 | Vaults:5 | Paralysed by an air elemental for 1 turns
 67171 | Vaults:5 | Killed Sojobo
 67205 | Vaults:5 | Noticed Mara
 67206 | Vaults:5 | Killed Mara
 67207 | Vaults:5 | Reached XP level 25. HP: 212/257 MP: 44/44
 67470 | Vaults:5 | Identified the +0 great sword "Undertaker" {vorpal, Str+3
                  | Dex+3 Stlth+}
 67470 | Vaults:5 | Identified the amulet of Roufog {Faith +Blink}
 67873 | Vaults:5 | Got a silver rune of Zot
 67881 | Vaults:5 | Got Fauliw's Discourse on Metamorphosis
 68566 | Vaults:5 | Identified the +4 flail of the Equator {vorpal, rF+++}
 68637 | Vaults:5 | Identified the +4 mace "Jened" {spect, Fly}
 68650 | Vaults:5 | Identified the amulet of Nisuti {rC- Regen+ rCorr Dex+4}
 68663 | Vaults:5 | Identified the +5 scale mail of the Invisible Eyes {Int+3}
 68752 | Vaults:5 | Identified the +1 leather armour "Perch" {rElec rC- MP+9
                  | SInv}
 69128 | Swamp:4  | Killed Zeldest's ghost
 69493 | Zot:1    | Entered Level 1 of the Realm of Zot
 69813 | Zot:1    | Reached skill level 1 in Shields
 70713 | Zot:1    | Noticed an orb of fire
 70772 | Zot:1    | Killed an orb of fire
 70892 | Zot:1    | Identified the +10 sling "Osaaja" {flame, rF++ Str+7
                  | Stlth+}
 70893 | Zot:1    | Got the Handbook of The Black Sun
 71330 | Zot:2    | Reached skill level 1 in Staves
 71992 | Zot:2    | Upgraded the game from 0.30-a0-2-gf48d83f5e2 to
                  | 0.30-a0-4-ga7cffc901d
 72041 | Zot:2    | Noticed Vuynal's ghost (legendary GrHu)
 72048 | Zot:2    | Found a transporter.
 72139 | Zot:2    | Found a transporter.
 72359 | Zot:2    | Learned a level 2 spell: Passwall
 72406 | Zot:2    | Noticed Parghit
 72413 | Zot:2    | Killed Parghit
 72708 | Zot:3    | Gained mutation: When low on magic, you restore magic in
                  | place of health. [demonic ancestry]
 72708 | Zot:3    | Reached XP level 26. HP: 257/270 MP: 24/44
 72901 | Zot:3    | Reached skill level 5 in Shields
 74086 | Zot:4    | Identified the +1 pair of gloves of Patience {rC- rN++
                  | Int+4}
 74800 | Zot:5    | Entered Level 5 of the Realm of Zot
 74886 | Zot:5    | Acquired 1131 gold pieces
 76167 | Zot:5    | Noticed an ancient lich
 76360 | Zot:5    | Noticed an ancient lich
 76366 | Zot:5    | Killed an ancient lich
 76508 | Zot:5    | Noticed an orb of fire
 76513 | Zot:5    | Killed an orb of fire
 76568 | Zot:5    | Killed an ancient lich
 76659 | Zot:5    | Reached skill level 1 in Necromancy
 76749 | Zot:5    | Noticed an orb of fire
 76753 | Zot:5    | Killed an orb of fire
 77120 | Zot:5    | Reached XP level 27. HP: 278/278 MP: 41/44
 77423 | Zot:5    | Reached skill level 5 in Necromancy
 77538 | Zot:5    | Noticed an orb of fire
 77538 | Zot:5    | Gained mutation: Your body sometimes deteriorates upon
                  | taking damage. [an orb of fire]
 77543 | Zot:5    | Gained mutation: You occasionally lose the ability to drink
                  | potions when taking damage. [an orb of fire]
 77544 | Zot:5    | Gained mutation: You are clumsy. (Dex -2) [an orb of fire]
 77545 | Zot:5    | Killed an orb of fire
 77555 | Zot:5    | Noticed a dread lich
 77558 | Zot:5    | Killed a dread lich
 77641 | Zot:5    | Noticed an ancient lich
 77644 | Zot:5    | Killed an ancient lich
 78023 | Zot:5    | Lost mutation: You occasionally lose the ability to drink
                  | potions when taking damage. [potion of mutation]
 78023 | Zot:5    | Lost mutation: Your body sometimes deteriorates upon taking
                  | damage. [potion of mutation]
 78023 | Zot:5    | Gained mutation: Your movements are slightly less
                  | encumbered by armour. (ER -2) [potion of mutation]
 78023 | Zot:5    | Gained mutation: You are resistant to electric shocks.
                  | (rElec) [potion of mutation]
 78569 | Lair:5   | Voluntarily entered the Abyss.
 79362 | Abyss:3  | Noticed an ancient lich
 79366 | Abyss:3  | Killed an ancient lich
 79772 | Abyss:3  | Got an abyssal rune of Zot
 79961 | Abyss:3  | Found a corrupted altar of Lugonu.
 80010 | Abyss:3  | Reached skill level 10 in Necromancy
 80154 | Lair:5   | Escaped the Abyss
 80241 | Slime:1  | Entered Level 1 of the Pits of Slime
 80401 | Slime:4  | Reached skill level 5 in Staves
 80513 | Slime:5  | Entered Level 5 of the Pits of Slime
 80787 | Slime:5  | Noticed the Royal Jelly
 80791 | Slime:5  | Killed the Royal Jelly
 80860 | Slime:5  | Got a slimy rune of Zot
 80862 | Slime:5  | Got the Discourse on the Chilled Tempest
 80892 | Slime:5  | Identified the +1 ring mail of True Grit {rPois}
 80920 | Slime:5  | Got the Dissertation on the Quarry and Elsewhere
 80934 | Slime:5  | Identified the +0 plate armour "Wapt" {rElec rPois Dex-2}
 80971 | Slime:5  | Identified the +5 hand crossbow "Siclybio" {vorpal, Drain
                  | rF++ SInv Stlth+}
 81441 | Pan      | Entered Pandemonium
 82149 | Pan      | Noticed Miredu the pandemonium lord
 82152 | Pan      | Killed Miredu the pandemonium lord
 82246 | Pan      | Got a demonic rune of Zot
 82364 | Pan      | Found an exit through the horrors of the Abyss.
 82571 | Pan      | Reached skill level 15 in Necromancy
 83403 | Pan      | Noticed Mos Nyin the pandemonium lord
 83407 | Pan      | Killed Mos Nyin the pandemonium lord
 83678 | Pan      | Identified the +11 battleaxe of Context {protect, Contam
                  | rElec Dex+4 Stlth+}
 83825 | Pan      | Entered the realm of Gloorx Vloq.
 84272 | Pan      | Learned a level 5 spell: Borgnjor's Vile Clutch
 84695 | Pan      | Noticed Gloorx Vloq
 84699 | Pan      | Killed Gloorx Vloq
 84978 | Pan      | Reached skill level 10 in Staves
 84979 | Pan      | Got a dark rune of Zot
 85335 | Pan      | Noticed Rosk the pandemonium lord
 85338 | Pan      | Killed Rosk the pandemonium lord
 85766 | Pan      | Gained mutation: You occasionally shout uncontrollably at
                  | your foes. [a cacodemon]
 86527 | Pan      | Noticed Efoe the pandemonium lord
 86529 | Pan      | Killed Efoe the pandemonium lord
 87624 | Pan      | Noticed Faniep the pandemonium lord
 87632 | Pan      | Killed Faniep the pandemonium lord
 88110 | Pan      | Found an exit through the horrors of the Abyss.
 88211 | Pan      | Noticed Gunt the pandemonium lord
 88214 | Pan      | Killed Gunt the pandemonium lord
 88225 | Pan      | Gained mutation: Your magical capacity is low. (-10% MP) [a
                  | cacodemon]
 88272 | Pan      | Lost mutation: Your movements are slightly less encumbered
                  | by armour. (ER -2) [potion of mutation]
 88272 | Pan      | Lost mutation: You are clumsy. (Dex -2) [potion of
                  | mutation]
 88272 | Pan      | Gained mutation: Your system is resistant to poisons.
                  | (rPois) [potion of mutation]
 88272 | Pan      | Gained mutation: You are agile. (Dex +4, Str/Int -1)
                  | [potion of mutation]
 88273 | Pan      | Lost mutation: Your magical capacity is low. (-10% MP)
                  | [potion of mutation]
 88273 | Pan      | Lost mutation: You are agile. (Dex +4, Str/Int -1) [potion
                  | of mutation]
 88273 | Pan      | Lost mutation: You are resistant to electric shocks.
                  | (rElec) [potion of mutation]
 88273 | Pan      | Gained mutation: Your magical capacity is low. (-10% MP)
                  | [potion of mutation]
 88273 | Pan      | Gained mutation: You have a pair of small horns on your
                  | head. [potion of mutation]
 88274 | Pan      | Lost mutation: You have a pair of small horns on your head.
                  | [potion of mutation]
 88274 | Pan      | Lost mutation: You occasionally shout uncontrollably at
                  | your foes. [potion of mutation]
 88274 | Pan      | Lost mutation: Your magical capacity is low. (-10% MP)
                  | [potion of mutation]
 88274 | Pan      | Gained mutation: You are partially covered in large bone
                  | plates. (SH +4) [potion of mutation]
 88274 | Pan      | Gained mutation: Your skin changes colour to match your
                  | surroundings (Stealth+). [potion of mutation]
 88932 | Pan      | Noticed Uciymo the pandemonium lord
 88938 | Pan      | Killed Uciymo the pandemonium lord
 89840 | Pan      | Learned a level 9 spell: Death's Door
 89846 | Pan      | Entered the realm of Mnoleg.
 89867 | Pan      | Identified the +3 scale mail "Zoqul" {Harm rC+ rN++ Int-5}
 90219 | Pan      | Found an exit through the horrors of the Abyss.
 90494 | Pan      | Gained mutation: Your body sometimes deteriorates upon
                  | taking damage. [a cacodemon]
 90495 | Pan      | Gained mutation: Your spells are a little harder to cast,
                  | but a little more powerful. [a cacodemon]
 91356 | Pan      | Gained mutation: You are agile. (Dex +4, Str/Int -1) [a
                  | cacodemon]
 91436 | Pan      | Noticed Mnoleg
 91441 | Pan      | Killed Mnoleg
 91625 | Pan      | Got a glowing rune of Zot
 91715 | Pan      | Entered the realm of Cerebov.
 91754 | Pan      | Found an exit through the horrors of the Abyss.
 92039 | Pan      | Identified the ring "Iroofoff" {rCorr MP+9 SInv}
 92556 | Pan      | Reached skill level 10 in Shields
 92633 | Pan      | Identified the +5 dagger of Prudence {elec, rC+ Str+2 SInv}
 92648 | Pan      | Got the Compendium of Dynamic Ensorcelling
 92825 | Pan      | Found the +6 sword of Cerebov {flame}
 92825 | Pan      | Noticed Cerebov
 92833 | Pan      | Killed Cerebov
 93204 | Pan      | Identified the +1 scale mail "Qiepnuv" {rN+ Int+5}
 93205 | Pan      | Identified the +9 trident of Understanding {holy, rF+}
 93207 | Pan      | Got a fiery rune of Zot
 93211 | Pan      | Identified the amulet of Vischeciv {Reflect rC- Str+4
                  | Slay+3 SH+5}
 93396 | Pan      | Noticed Ogaymp the pandemonium lord
 93397 | Pan      | Killed Ogaymp the pandemonium lord
 93539 | Pan      | Gained mutation: Your magical capacity is low. (-10% MP) [a
                  | cacodemon]
 93684 | Pan      | Identified the +5 dagger of Obau {pain, *Slow rC++ Dex+4
                  | SInv}
 94152 | Pan      | Entered the realm of Lom Lobon.
 94472 | Pan      | Reached skill level 1 in Armour
 94476 | Pan      | Found an exit through the horrors of the Abyss.
 94901 | Pan      | Noticed Lom Lobon
 94911 | Pan      | Killed Lom Lobon
 94990 | Pan      | Got a magical rune of Zot
 95339 | Pan      | Took an exit into the Abyss.
 95339 | Abyss:3  | Escaped into the Abyss
 95342 | Abyss:3  | Found a corrupted altar of Lugonu.
 95418 | Depths:2 | Escaped the Abyss
 96258 | Coc:1    | Entered Level 1 of Cocytus
 96294 | Coc:1    | Noticed an ancient lich
 96300 | Coc:1    | Killed an ancient lich
 96318 | Coc:1    | Noticed an ancient lich
 96320 | Coc:1    | Killed an ancient lich
 96612 | Coc:3    | Reached skill level 5 in Armour
 97146 | Coc:7    | Entered Level 7 of Cocytus
 97568 | Coc:7    | Noticed Antaeus
 97575 | Coc:7    | Killed Antaeus
 97636 | Coc:7    | Got an icy rune of Zot
 97712 | Coc:7    | Reached skill level 10 in Evocations
 97942 | Coc:7    | Found the +8 frozen axe "Frostbite" {freezing cloud, *Noise
                  | Fly rC+}
 98351 | Geh:1    | Entered Level 1 of Gehenna
100079 | Geh:7    | Entered Level 7 of Gehenna
100858 | Geh:7    | Reached skill level 15 in Dodging
101728 | Geh:7    | Found the +7 sceptre of Asmodeus
101728 | Geh:7    | Noticed Asmodeus
102352 | Geh:7    | Learned a level 3 spell: Swiftness
102480 | Geh:7    | Killed Asmodeus
102511 | Geh:7    | Got an obsidian rune of Zot
102669 | Hell     | Learned a level 9 spell: Polar Vortex
102767 | Zig:1    | Entered Level 1 of a ziggurat
102783 | Zig:1    | Identified the +8 spear "Impslayer" {drain, Int+2}
102805 | Zig:2    | Entered Level 2 of a ziggurat
102820 | Zig:2    | Identified the +2 pair of gloves of the Lute {Str+5 Int+3}
102828 | Zig:3    | Entered Level 3 of a ziggurat
102831 | Zig:3    | Noticed an ancient lich
102834 | Zig:3    | Killed an ancient lich
102852 | Zig:4    | Entered Level 4 of a ziggurat
102855 | Zig:4    | Noticed an ancient lich
102855 | Zig:4    | Noticed an ancient lich
102857 | Zig:4    | Killed an ancient lich
102858 | Zig:4    | Killed an ancient lich
102891 | Zig:5    | Entered Level 5 of a ziggurat
103025 | Zig:6    | Entered Level 6 of a ziggurat
103031 | Zig:6    | Noticed an ancient lich
103032 | Zig:6    | Reached skill level 5 in Ice Magic
103034 | Zig:6    | Killed an ancient lich
103283 | Zig:7    | Entered Level 7 of a ziggurat
103311 | Zig:7    | Identified the +9 sling of Skirmishing {flame, Drain Fly
                  | Str-4 Dex+7}
103319 | Zig:8    | Entered Level 8 of a ziggurat
103326 | Zig:8    | Noticed a juggernaut
103330 | Zig:8    | Killed a juggernaut
103339 | Zig:8    | Identified the +1 leather armour of Wu Jian's Fury {+Inv
                  | rC- Regen+}
103373 | Zig:9    | Entered Level 9 of a ziggurat
103440 | Zig:10   | Entered Level 10 of a ziggurat
103450 | Zig:10   | Killed a juggernaut
103457 | Zig:10   | Killed a juggernaut
103481 | Zig:10   | Identified the ring "Feeget" {Contam Str+8 Dex+6 Slay+3}
103484 | Zig:10   | Identified the +6 plate armour "Teshank" {Rampage Drain
                  | rPois Will++}
103509 | Zig:11   | Entered Level 11 of a ziggurat
103526 | Zig:11   | Killed a dread lich
103555 | Zig:11   | Identified the +5 scale mail of Funepayc {Fly Dex+2}
103563 | Zig:11   | Identified the ring of Gathreaz {Ice Will- Dex+5}
103583 | Zig:12   | Entered Level 12 of a ziggurat
103641 | Zig:12   | Identified the +2 broad axe of Valiance {venom, Dex+5}
103662 | Zig:12   | Reached skill level 10 in Ice Magic
103668 | Zig:13   | Entered Level 13 of a ziggurat
103704 | Zig:13   | Found the +13 scythe of Curses {drain, Drain}
103726 | Zig:13   | Identified the +1 robe of the Loofah {rElec rCorr}
103730 | Zig:14   | Entered Level 14 of a ziggurat
103737 | Zig:14   | Noticed an orb of fire
103742 | Zig:14   | Killed an orb of fire
103742 | Zig:14   | Noticed an orb of fire
103746 | Zig:14   | Killed an orb of fire
103746 | Zig:14   | Noticed an orb of fire
103747 | Zig:14   | Killed an orb of fire
103786 | Zig:14   | Found the +8 demon blade "Leech" {vamp, Harm Drain rN+}
103800 | Zig:14   | Identified the ring of Twilight {Int+4 Dex+7 SInv}
103845 | Zig:15   | Entered Level 15 of a ziggurat
103921 | Zig:15   | Identified the ring "Roach" {rC+ rCorr}
103936 | Zig:16   | Entered Level 16 of a ziggurat
103984 | Zig:16   | Identified the +7 rapier of the Ring {antimagic, *Rage Fly
                  | rElec Dex+4}
104003 | Zig:16   | Got Ufiem's Papyrus of Evil Magic
104017 | Zig:17   | Entered Level 17 of a ziggurat
104037 | Zig:17   | Reached skill level 15 in Ice Magic
104050 | Zig:17   | Found the +18 shield of the Gong {rElec rN+ Will+ EV-5}
104099 | Zig:18   | Entered Level 18 of a ziggurat
104185 | Zig:18   | Identified the amulet "Lotun" {Acrobat rElec rC+ Int+5}
104192 | Zig:18   | Identified the +11 great sword "Jellyslayer" {flame, rC+
                  | Dex+2}
104193 | Zig:18   | Identified the ring "Atweacs" {rN+ Str+6 Slay+4}
104213 | Zig:19   | Entered Level 19 of a ziggurat
104324 | Zig:19   | Identified the +1 ring mail "Mofam" {rElec Int-2 Dex+5}
104357 | Zig:20   | Entered Level 20 of a ziggurat
104401 | Zig:20   | Found the brooch of Shielding {Spirit SH+8}
104423 | Zig:20   | Identified the +1 spear "Ezxe" {freeze, Dex+3}
104439 | Zig:20   | Identified the +5 long sword of Ararph {vorpal, Str+5}
104442 | Zig:20   | Identified the ring "Tath" {rElec AC+4}
104445 | Zig:20   | Identified the +2 ring mail of Polish {rC+ rN+ Regen+ Int-5
                  | Dex+4}
104473 | Zig:21   | Entered Level 21 of a ziggurat
104493 | Zig:21   | Noticed Ruump the pandemonium lord
104493 | Zig:21   | Noticed Uczek the pandemonium lord
104495 | Zig:21   | Reached skill level 15 in Shields
104495 | Zig:21   | Noticed Caziang the pandemonium lord
104495 | Zig:21   | Killed Ruump the pandemonium lord
104496 | Zig:21   | Killed Uczek the pandemonium lord
104496 | Zig:21   | Killed Caziang the pandemonium lord
104498 | Zig:21   | Noticed Gajeluv the pandemonium lord
104498 | Zig:21   | Noticed Ihuzuqobb the pandemonium lord
104500 | Zig:21   | Noticed Sacraz the pandemonium lord
104500 | Zig:21   | Noticed Nuukh the pandemonium lord
104501 | Zig:21   | Killed Nuukh the pandemonium lord
104505 | Zig:21   | Noticed Nozaj the pandemonium lord
104506 | Zig:21   | Killed Gajeluv the pandemonium lord
104507 | Zig:21   | Killed Sacraz the pandemonium lord
104509 | Zig:21   | Killed Nozaj the pandemonium lord
104511 | Zig:21   | Noticed Tuzxicig the pandemonium lord
104512 | Zig:21   | Killed Ihuzuqobb the pandemonium lord
104514 | Zig:21   | Killed Tuzxicig the pandemonium lord
104514 | Zig:21   | Noticed Xouly the pandemonium lord
104518 | Zig:21   | Killed Xouly the pandemonium lord
104581 | Zig:21   | Found the +3 Elemental Staff {rElec rF++ rC++ AC+5}
104627 | Zig:21   | Identified the ring of Descent {rPois rN+ Will+ Str+2
                  | Int-3}
104632 | Zig:21   | Identified the amulet "Perir" {RegenMP Dex+3}
104646 | Zig:21   | Identified the ring of Duorr {rPois rN+}
104649 | Zig:21   | Identified the ring "Sivaor" {rPois rN+ Will+ Stlth+}
104676 | Zig:22   | Entered Level 22 of a ziggurat
104798 | Zig:22   | Identified the ring of the Duke {rElec rC+ MP-9 Int+6}
104815 | Zig:22   | Identified the +8 rapier "Ferynen" {venom, rPois rF+ Str-3}
104838 | Zig:22   | Identified the amulet "Kygoc" {Spirit *Slow rF+ rC+ Str+3
                  | Slay+5}
104847 | Zig:22   | Acquired a manual of Conjurations
104851 | Zig:23   | Entered Level 23 of a ziggurat
104865 | Zig:23   | Reached skill level 15 in Evocations
104871 | Zig:23   | Reached skill level 1 in Throwing
104875 | Zig:23   | Noticed an ancient lich
104877 | Zig:23   | Killed an ancient lich
104956 | Zig:23   | Found the +7 Spriggan's Knife {stab, EV+4 Stlth+}
104969 | Zig:23   | Identified the +6 halberd of Peace {flame, rElec Will++}
104982 | Zig:23   | Identified the ring "Siklyx" {*Corrode rC++ rN+ AC+4}
104988 | Zig:23   | Identified the +12 shortbow of the Glamorous God {vorpal,
                  | *Slow rF+ rCorr SInv}
105002 | Zig:23   | Identified the +4 quarterstaff of the Shoals {vorpal, rF-
                  | Str+4 Int+3}
105010 | Zig:24   | Entered Level 24 of a ziggurat
105027 | Zig:24   | Paralysed by an air elemental for 1 turns
105051 | Zig:24   | Reached skill level 5 in Throwing
105124 | Zig:24   | Identified the +7 scimitar of Tension {venom, Fly Int+4}
105145 | Zig:24   | Identified the ring "Rilu" {rElec rC++ rN+}
105191 | Zig:25   | Entered Level 25 of a ziggurat
105352 | Zig:25   | Identified the +1 robe of Duty {+Inv MP+9}
105355 | Zig:25   | Identified the +11 whip "Jupyzo" {freeze, rCorr}
105373 | Zig:25   | Identified the ring of Peidd {MP+9 AC+4 Str+3}
105378 | Zig:25   | Identified the +7 whip "Adafaxka" {vorpal, Fragile rF+
                  | Str+7}
105379 | Zig:25   | Identified the +1 pair of gloves "Xayxouqa" {rPois rF+}
105384 | Zig:25   | Identified the ring of Jetsim {*Corrode rElec rPois Dex+4}
105393 | Zig:26   | Entered Level 26 of a ziggurat
105624 | Zig:26   | Acquired 1202 gold pieces
105632 | Zig:26   | Identified the +1 dagger "Eweagac" {vorpal, *Corrode rN+++
                  | Str+3 Int+2}
105634 | Zig:26   | Got Sif Muna's Reference Book on the Map
105637 | Zig:26   | Identified the +9 quarterstaff "Meut" {venom, rCorr Dex-2
                  | SInv}
105644 | Zig:26   | Identified the +10 long sword of Mutilation {vorpal, rPois
                  | Str+5}
105659 | Zig:27   | Entered Level 27 of a ziggurat
105907 | Zig:27   | Identified the +8 lajatang of Dawn {protect, rC+}
105912 | Zig:27   | Identified the ring of Equilibrium {rN+ Int+6}
105920 | Zig:27   | Identified the +6 sling of Equilibrium {freeze, rElec Int+9
                  | Dex-3 Stlth+}
105924 | Zig:27   | Identified the +7 falchion "Demonspawn's Peril" {flame,
                  | rPois rF- rC+}
105928 | Zig:27   | Identified the ring of Qyufewke {Wiz Slay+3}
105952 | Zig:27   | Identified the ring "Peugeal" {rPois rC+ rCorr}
105957 | Zig:27   | Identified the ring of Xom's Passing Interest {rPois rN+
                  | Int-5 Dex+6 Stlth+}
105960 | Zig:27   | Identified the ring of Zixoa {Ice rPois rCorr Str+4}
106101 | Tar:1    | Entered Level 1 of Tartarus
106957 | Tar:5    | Reached skill level 10 in Throwing
107225 | Tar:7    | Entered Level 7 of Tartarus
107487 | Tar:7    | Learned a level 2 spell: Blink
108465 | Tar:7    | Noticed an ancient lich
108465 | Tar:7    | Noticed a dread lich
108475 | Tar:7    | Killed a dread lich
108486 | Tar:7    | Learned a level 2 spell: Sublimation of Blood
108509 | Tar:7    | Noticed an ancient lich
108512 | Tar:7    | Killed an ancient lich
108526 | Tar:7    | Killed an ancient lich
108864 | Tar:7    | Identified the amulet of Rothapuqir {Reflect rElec SH+5}
108948 | Tar:7    | Identified the +1 plate armour "Isiwef" {rElec Stlth+}
109288 | Tar:7    | Noticed a dread lich
109291 | Tar:7    | Killed a dread lich
109530 | Tar:7    | Identified the -1 cloak of Hoikum {rElec}
109531 | Tar:7    | Identified the +8 trident of Leqiag {flame, Will++ Str+4}
109653 | Tar:7    | Noticed Ereshkigal
109675 | Tar:7    | Killed Ereshkigal
110313 | Tar:7    | Got a bone rune of Zot
110594 | Dis:1    | Entered Level 1 of the Iron City of Dis
110707 | Dis:2    | Noticed a dread lich
110709 | Dis:2    | Killed a dread lich
110797 | Dis:3    | Noticed a juggernaut
110800 | Dis:3    | Killed a juggernaut
111563 | Dis:6    | Noticed an ancient lich
111568 | Dis:6    | Killed an ancient lich
111710 | Dis:7    | Entered Level 7 of the Iron City of Dis
112750 | Dis:7    | Noticed a juggernaut
112755 | Dis:7    | Killed a juggernaut
112803 | Dis:7    | Found the +8 mithril axe "Arga" {speed, Will+}
112831 | Dis:7    | Identified the ring "Koerhaug" {rElec Will+ rCorr Int-3
                  | SInv}
112835 | Dis:7    | Identified the +1 battleaxe "Xiammoott" {elec, Fragile
                  | rPois rN++ Stlth+}
114287 | Dis:7    | Noticed the Serpent of Hell
114302 | Dis:7    | Killed the Serpent of Hell
114732 | Dis:7    | Noticed a juggernaut
114769 | Dis:7    | Killed a juggernaut
114871 | Dis:7    | Found the +4 staff of Dispater
114871 | Dis:7    | Identified the ring of Rollorob {Str+5 Dex+6}
114871 | Dis:7    | Noticed Dispater
114879 | Dis:7    | Killed Dispater
114920 | Dis:7    | Got an iron rune of Zot
114938 | Dis:7    | Identified the +7 quarterstaff of quixfox's Sudden Death
                  | {antimagic, rC+ Int+3 Dex+3}
116035 | Tomb:1   | Entered Level 1 of the Tomb of the Ancients
117108 | Tomb:1   | Noticed a royal mummy
117111 | Tomb:1   | Killed a royal mummy
117122 | Tomb:1   | Noticed a royal mummy
117125 | Tomb:1   | Killed a royal mummy
117150 | Tomb:1   | Noticed a royal mummy
117152 | Tomb:1   | Killed a royal mummy
117354 | Tomb:1   | Noticed a royal mummy
117357 | Tomb:1   | Killed a royal mummy
117540 | Tomb:1   | Noticed a royal mummy
117542 | Tomb:1   | Killed a royal mummy
117830 | Tomb:1   | Noticed a royal mummy
117833 | Tomb:1   | Killed a royal mummy
117993 | Tomb:1   | Noticed a royal mummy
117996 | Tomb:1   | Killed a royal mummy
118184 | Tomb:1   | Noticed a royal mummy
118186 | Tomb:1   | Killed a royal mummy
118210 | Tomb:1   | Noticed a royal mummy
118213 | Tomb:1   | Killed a royal mummy
118272 | Tomb:1   | Killed a royal mummy
118273 | Tomb:1   | Noticed a royal mummy
118275 | Tomb:1   | Killed a royal mummy
118427 | Tomb:1   | Identified the amulet of Todeorph {Faith +Blink Slay+2}
118787 | Tomb:1   | Noticed a royal mummy
118790 | Tomb:1   | Killed a royal mummy
118795 | Tomb:1   | Noticed a royal mummy
119607 | Tomb:1   | Killed a royal mummy
119965 | Tomb:2   | Noticed Boris
119971 | Tomb:2   | Killed Boris
120374 | Tomb:3   | Entered Level 3 of the Tomb of the Ancients
120386 | Tomb:3   | Noticed a royal mummy
120386 | Tomb:3   | Noticed a royal mummy
120387 | Tomb:3   | Killed a royal mummy
120388 | Tomb:3   | Killed a royal mummy
120705 | Tomb:3   | Reached skill level 27 in Necromancy
120705 | Tomb:3   | Noticed a royal mummy
120705 | Tomb:3   | Found the +2 shield of Resistance {rF++ rC++ Will++}
120709 | Tomb:3   | Killed a royal mummy
120710 | Tomb:3   | Reached skill level 27 in Conjurations
120711 | Tomb:3   | Noticed a royal mummy
121182 | Tomb:3   | Killed a royal mummy
121340 | Tomb:3   | Found the +1 robe of Vines {NoPotionHeal Regen++++}
121430 | Tomb:3   | Noticed a royal mummy
121434 | Tomb:3   | Killed a royal mummy
121581 | Tomb:3   | Noticed a royal mummy
121584 | Tomb:3   | Killed a royal mummy
121822 | Tomb:3   | Identified the +2 robe "Inojopup" {Int+5}
121850 | Tomb:3   | Identified the +6 battleaxe of Cataclysm {spect, Str+3
                  | Dex+2}
121916 | Tomb:3   | Identified the ring of Contention {rF+ rC+ Str+4 Int-2}
121929 | Tomb:3   | Identified the +9 sling of Uskayaw's Esteem {vorpal, +Blink
                  | rPois Str-5}
122163 | Tomb:3   | Noticed a royal mummy
122165 | Tomb:3   | Killed a royal mummy
122340 | Tomb:3   | Noticed a royal mummy
122343 | Tomb:3   | Killed a royal mummy
122610 | Tomb:3   | Got a golden rune of Zot
123304 | Zot:5    | Got the Orb of Zot
123349 | Zot:5    | Noticed Unetieko the pandemonium lord
123888 | D:$      | Escaped with the Orb!

Illustrated notes

Levels and vault maps discovered:
D:1:      dpeg_arrival_solitude, layout_basic,
          dilly_ecumenical_altar_fadedgnrine, kennysheep_doodads
D:2:      layout_basic, kennysheep_cross_room
D:3:      layout_basic, tso_metal_star
D:4:      layout_basic, minmay_gold_behind_fungi, grunt_ministairs_6,
          uniq_pikel, uniq_edmund, uniq_duvessa, uniq_robin
D:5:      layout_loops_ring, gammafunk_temple_overflow_pools,
          general_overflow_altar, nicolae_fountain_basement
D:6:      layout_cave_pools, nicolae_sif_muna_condensation,
          cheibrodos_sewer_entry_sluice, serial_shops, shop_statue
D:7:      layout_loops_ring, minmay_temple_entry_wispy, minmay_statues_item
D:8:      layout_loops_cross, amcnicky_altar_gilded, david_lair_generic,
          ebering_ghost_reflecting_pool
D:9:      layout_cave_pools, minitemple, zombieorc1_lemuel
D:10:     layout_basic, serial_shops, nicolae_shop_advertising_works
          [nicolae_subvault_shop_adworks], enter_trove_6
D:11:     minmay_bloctagon, layout_rooms, nrook_loot_triangle, uniq_josephine,
          uniq_grum, uniq_snorg
D:12:     layout_basic, serial_glass, glass_columns_b, glass_columns_a,
          glass_columns_c, glass_columns_c, glass_columns_b, glass_columns_c,
          eino_tiny_chamber
D:13:     layout_basic, david_vaults_1, minmay_stone_trees_small,
          minmay_orc_keep
D:14:     four-leaf_vault, layout_basic, nemelex_diamond_rough_becter,
          nicolae_blasting_shop, vehumet_statue
D:15:     hangedman_depths_entry_try_elsewhere_first, layout_basic,
          minivault_24, gauntlet_entry_generic
Temple:   hellmonk_temple_rainy
Lair:1:   layout_cave_pods
Lair:2:   layout_misc_corridors, swamp_mist, uniq_nergalle
Lair:3:   layout_chaotic_city, dummy_spider_entry, basic_altar,
          infiniplex_staircase_pool_2, uniq_amaemon
Lair:4:   layout_roguey, slime_entry_1, serial_bayou_crossing
Lair:5:   hellmonk_lair_end_abyssal_woods, layout_loops_ring
Swamp:1:  layout_basic_swamp, evilmike_swamp_ruin_house_3
Swamp:2:  layout_basic_swamp, hangedman_swamp_cone
Swamp:3:  layout_basic_swamp, evilmike_swamp_ruin_rubble_1, swamp_pool1
Swamp:4:  swamp_icy, layout_basic_swamp, gammafunk_ghost_arena, uniq_mlioglotl,
          uniq_kirke
Spider:1: layout_spider_delve
Spider:2: layout_cave_pods, ebering_ghost_xom
Spider:3: layout_spider_delve, uniq_jorgrun
Spider:4: floodkiller_spider_rune_tomb, nicolae_spider_webbed_stairs,
          uniq_donald
Slime:1:  layout_caves
Slime:2:  layout_caves
Slime:3:  layout_caves
Slime:4:  layout_caves
Slime:5
Orc:1:    layout_caves
Orc:2:    grunt_orc_community_town_hall, layout_caves,
          grunt_orc_community_big_house_2, grunt_orc_community_big_house_1,
          grunt_orc_community_house_2, grunt_orc_community_house_1,
          grunt_orc_community_house_1, grunt_orc_community_house_2,
          grunt_orc_community_house_2, grunt_orc_community_house_1,
          minmay_orc_temple_a, uniq_erolcha
Elf:1:    elf_arrival_002, layout_geoelf_diagonals, serial_shops,
          nicolae_shop_bloodbath_and_beyond, minivault_28, lemuel_upstairs_altar
Elf:2:    elven_hall_of_blades_hangedman_original
          [nicolae_blade_entry_area_security], layout_onion_city,
          nicolae_stop_n_shop_2, nicolae_elf_elemental_lessons, uniq_asterion,
          uniq_nikola, uniq_louise
Elf:3:    elf_hall_gauntlet_wide, layout_geoelf_castle, elf_orc_summit_meeting,
          uniq_bai_suzhen
Vaults:1: v_pattern_4, v_misc_22, vaults_room_door_ring, nicolae_vaults_theta,
          nicolae_vaults_little_squares_6, layout_vaults_omnigrid
Vaults:2: minmay_crypt_entry_simple_corners, nicolae_vaults_mini_display_case,
          vaults_standard_mumra_lines, door_vault, v_rooms_3,
          nicolae_vaults_border_crossing, nicolae_vaults_circle_grid_b,
          nicolae_vaults_three_branches, nicolae_vaults_little_squares_4,
          nicolae_vaults_back_hallway, hangedman_vaults_corner_blocks,
          hangedman_vaults_slice, ontoclasm_vaults_fault,
          layout_vaults_omnicross
Vaults:3: vaults_mumra_chevron_long, grunt_vaults_hallway_long, v_misc_3,
          hangedman_vaults_nails, nicolae_vaults_rhombus_7,
          nicolae_vaults_network_barrier, ontoclasm_vaults_decontamination,
          ontoclasm_vaults_misaligned, hangedman_vaults_slice,
          vaults_room_hallway, vaults_room_semicircle, hangedman_vaults_maws,
          layout_vaults_ring
Vaults:4: ontoclasm_vaults_ring_large, nicolae_vaults_shelves_hall,
          nicolae_vaults_diagonal_hallway_9, v_misc_12,
          ontoclasm_vaults_gateway, dpeg_vaults_monster_row,
          nicolae_vaults_disjoint_gnomons, dpeg_vaults_pockets_of_resistance,
          nicolae_vaults_little_squares_3, nicolae_vaults_sealed_display,
          grunt_vaults_twisty, v_misc_17, layout_vaults_maze_bifur
Vaults:5: serial_shops, uniq_mara, uniq_sojobo
Crypt:1:  layout_chaotic_city, lemuel_freeze_loot_1,
          grunt_crypt_arrival_guarded_gate
Crypt:2:  evilmike_wizard_prison, layout_regular_city, uniq_zenata
Crypt:3:  church_of_pain_bobbens, layout_chaotic_city, st_chilly_death
Tomb:1
Tomb:2:   uniq_khufu, uniq_boris
Tomb:3
Depths:1: layout_forbidden_donut, enter_ziggurat_d, hangedman_coc_ice_floe,
          wad_hexagon
Depths:2: lemuel_traditional_vault, layout_cave_pools, grunt_hell_entry_dis_old,
          pan_entry, chequers_serial_rivers_micro_c, water_maze_lemuel,
          uniq_saint_roka
Depths:3: minmay_nested_s, layout_gridlike, abyss_entry,
          hangedman_decor_diamond_cutter, pf_vacation_house_of_asmodeus,
          grunt_pan_entry_sceptre, serial_shops, nicolae_shop_overgrown_old_shop
Depths:4: evilmike_zot_entry_basic, layout_basic,
          chequers_serial_rivers_large_b, hell_entry, minmay_shop_grove,
          serial_bayou_shore_b, uniq_frederick
Hell
Dis:1:    layout_subdivisions
Dis:2:    layout_subdivisions
Dis:3:    layout_jigsaw, nicolae_dis_step_into_the_octagon
Dis:4:    layout_jigsaw
Dis:5:    layout_gridville, nicolae_hells_fiendish_ambush
Dis:6:    layout_overlapping_boxes
Dis:7:    dis_st
Geh:1:    layout_gehenna_lava_caves
Geh:2:    layout_gehenna_lava_caves
Geh:3:    layout_gehenna_pools_basic, nicolae_geh_lavax
Geh:4:    layout_gehenna_pools_triple, nicolae_geh_single_fiery_grave,
          nicolae_geh_rippling_lava
Geh:5:    layout_gehenna_pools_basic, gehenna_fire_generator
Geh:6:    layout_gehenna_pools_triple, nicolae_hells_seeping_fissure
Geh:7:    geh_hangedman
Coc:1:    layout_cocytus_water_paths
Coc:2:    layout_ice_bergs
Coc:3:    nicolae_coc_city_of_iceburg
Coc:4:    layout_cocytus_delve
Coc:5:    layout_cocytus_delve
Coc:6:    layout_ice_bergs
Coc:7:    coc_hangedman
Tar:1:    layout_catacombs
Tar:2:    layout_honeycomb
Tar:3:    layout_catacombs
Tar:4:    layout_grid_maze
Tar:5:    nicolae_tar_intersect_combbox, layout_cathedral_of_symmetry
Tar:6:    layout_grid_maze
Tar:7:    tar_grunt_cathedral
Zot:1:    dreamdust_black_sun_cult, layout_cellular_growth, grunt_megastairs_2
Zot:2:    layout_misc_corridors, gammafunk_ghost_arena, zot_minivault_5,
          grunt_megastairs_1, uniq_parghit
Zot:3:    layout_twisted_circle, st_stairs_4
Zot:4:    layout_onion_interference, uniq_josephina
Zot:5:    layout_gridlike

Skill      XL: |  1  2  3  4  5  6  7  8  9 10 11 12 13 14 15 16 17 18 19 20 21 22 23 24 25 26 27 |
---------------+----------------------------------------------------------------------------------+-----
Spellcasting   | 3 4 5 6 7 8 9 10 11 12 13 14 15 16 17 26 | 26.8
Conjurations   | 5 7 8 9 11 12 14 15 17 18 20 22 27 | 27.0
Dodging        | 3 4 6 7 8 10 11 12 13 20 | 20.1
Fighting       | 2 4 6 7 9 11 12 13 14 15 16 17 21 | 21.3
Fire Magic     | 3 4 5 8 9 11 12 13 14 15 16 18 19 20 21 25 | 25.0
Ice Magic      | 2 3 4 22 | 22.4
Air Magic      | 2 4 |  4.0
Unarmed Combat | 3 |  3.0
Evocations     | 5 6 8 20 | 20.0
Earth Magic    | 3 6 8 10 12 14 15 17 20 21 22 26 | 26.6
Shields        | 4 8 20 | 20.4
Staves         | 2 12 | 12.0
Necromancy     | 4 27 | 27.0
Armour         | 8 |  8.0
Throwing       | 14 | 14.1
Stealth        | |  1.7

Action                   |  1- 3 |  4- 6 |  7- 9 | 10-12 | 13-15 | 16-18 | 19-21 | 22-24 | 25-27 || total
-------------------------+-------+-------+-------+-------+-------+-------+-------+-------+-------++-------
Melee: Dagger            |     9 |       |       |     1 |       |       |       |       |       ||    10
       Unarmed           |       |       |       |     1 |     1 |       |       |       |       ||     2
       Staff             |       |       |       |       |    22 |    33 |    47 |    48 |    46 ||   196
       Punch             |       |       |       |       |     1 |     1 |     4 |     2 |       ||     8
Throw: Javelin           |       |       |       |       |       |       |       |       |    17 ||    17
 Cast: Magic Dart        |    75 |    82 |   155 |   173 |    14 |       |       |       |       ||   499
       Searing Ray       |     7 |    11 |    84 |    21 |       |       |       |       |       ||   123
       Iskenderun's Myst |       |       |    14 |   144 |   188 |   153 |   108 |    72 |    47 ||   726
       Sticky Flame      |       |       |       |     3 |       |       |       |       |       ||     3
       Freezing Cloud    |       |       |       |    48 |   194 |   152 |    64 |     2 |    19 ||   479
       Airstrike         |       |       |       |    29 |    54 |     5 |     2 |     1 |       ||    91
       Fireball          |       |       |       |       |   181 |     8 |   226 |    97 |    52 ||   564
       Iron Shot         |       |       |       |       |     6 |   305 |   381 |   433 |  2279 ||  3404
       Ignition          |       |       |       |       |       |       |    14 |    69 |     4 ||    87
       Lee's Rapid Decon |       |       |       |       |       |       |     2 |    15 |    20 ||    37
       Fire Storm        |       |       |       |       |       |       |       |    23 |   825 ||   848
       Shatter           |       |       |       |       |       |       |       |    22 |    54 ||    76
       Swiftness         |       |       |       |       |       |       |       |       |     4 ||     4
       Polar Vortex      |       |       |       |       |       |       |       |       |     1 ||     1
Evoke: Wand              |       |       |       |     2 |       |       |       |     3 |     1 ||     6
  Use: Potion            |     1 |       |     2 |       |     4 |     6 |       |     5 |    45 ||    63
       Scroll            |       |       |    18 |     3 |     6 |    10 |     3 |     2 |    25 ||    67
 Stab: Invisible         |       |       |       |       |       |     2 |       |       |       ||     2
       Distracted        |       |       |       |       |       |     1 |       |       |     1 ||     2
       Sleeping          |       |       |       |       |       |       |       |     1 |       ||     1
Armor: Robe              |     3 |     9 |    29 |    21 |    18 |    35 |    27 |    50 |    47 ||   239
Dodge: Dodged            |     9 |    37 |    70 |    59 |    86 |   322 |   171 |   202 |   384 ||  1340
       Repelled          |       |       |       |       |       |       |    12 |     8 |    36 ||    56
Block: Buckler           |       |       |       |       |       |       |       |       |    77 ||    77
       Kite shield       |       |       |       |       |       |       |       |       |   178 ||   178
       Reflection        |       |       |       |       |       |       |       |       |     4 ||     4

Table legend: (Time is in decaauts)
 A = Elapsed time spent in this place.
 B = Non-inter-level travel time spent in this place.
 C = Inter-level travel time spent in this place.
 D = Time resting spent in this place.
 E = Time spent auto-exploring this place.
 F = Levels seen in this place.
 G = Mean time per level.
                   A        B        C        D        E       F      G
               +--------+--------+--------+--------+--------+-----+--------+
         Total | 124472 | 113642 |  10830 |  32929 |  31400 | 134 |  928.9 |
       Dungeon |  20154 |  16150 |   4004 |   2228 |   9809 |  15 | 1343.6 |
        Temple |     24 |     24 |      0 |      0 |      0 |   1 |   24.0 |
          Lair |   6567 |   5315 |   1252 |    706 |   3151 |   5 | 1313.4 |
         Swamp |   4086 |   3742 |    344 |    979 |   1920 |   4 | 1021.5 |
   Spider Nest |   5838 |   5365 |    473 |   1698 |    582 |   4 | 1459.5 |
    Slime Pits |    882 |    882 |      0 |    196 |      0 |   5 |  176.4 |
  Orcish Mines |   2443 |   2236 |    207 |    428 |    710 |   2 | 1221.5 |
   Elven Halls |   8279 |   7944 |    335 |   3734 |   1027 |   3 | 2759.7 |
        Vaults |   7322 |   6522 |    800 |    825 |   4318 |   5 | 1464.4 |
         Crypt |   8211 |   7546 |    665 |   3768 |   1502 |   3 | 2737.0 |
          Tomb |   6822 |   6322 |    500 |   3288 |      0 |   3 | 2274.0 |
        Depths |   8446 |   7148 |   1298 |   2587 |   2480 |   4 | 2111.5 |
          Hell |   1336 |   1133 |    203 |    280 |    376 |   1 | 1336.0 |
           Dis |   4444 |   4393 |     51 |   1975 |     72 |   7 |  634.9 |
       Gehenna |   4144 |   4054 |     90 |   1861 |      0 |   7 |  592.0 |
       Cocytus |   2060 |   1998 |     62 |    132 |    358 |   7 |  294.3 |
      Tartarus |   4441 |   4418 |     23 |   1768 |    160 |   7 |  634.4 |
           Zot |   9018 |   8500 |    518 |   2752 |   1498 |   5 | 1803.6 |
         Abyss |   1772 |   1772 |      0 |    342 |      0 |   4 |  443.0 |
   Pandemonium |  13873 |  13873 |      0 |   2899 |   3124 |  12 | 1156.1 |
      Ziggurat |   3197 |   3197 |      0 |    343 |     13 |  27 |  118.4 |
         Trove |     83 |     83 |      0 |      0 |      0 |   1 |   83.0 |
         Sewer |    328 |    328 |      0 |     38 |    113 |   1 |  328.0 |
      Gauntlet |    692 |    692 |      0 |    100 |    183 |   1 |  692.0 |
               +--------+--------+--------+--------+--------+-----+--------+

Top non-repeatable levels by time:
   Elf:3: 4453 daAuts
  Tomb:1: 4223 daAuts
 Crypt:3: 4096 daAuts
   Zot:5: 3379 daAuts
   Dis:7: 3329 daAuts
   Tar:7: 3303 daAuts
Depths:3: 2570 daAuts
   Geh:7: 2511 daAuts
Depths:2: 2396 daAuts
Spider:4: 2305 daAuts
   Zot:1: 2295 daAuts
 Crypt:1: 2169 daAuts
   Elf:1: 2126 daAuts
 Crypt:2: 1945 daAuts
  Lair:5: 1929 daAuts
